Cogmind - Beta 11 @@@ ROGUE MODE // 2022.04.03 @ 18:41:20 Player: Alexbot Result: Self-destructed Performance ------------- Evolutions (9) 4500 Regions Visited (30) 6000 Robots Destroyed (435) 2175 Value Destroyed (22372) 22372 Prototype IDs (89) 1780 Alien Tech Used (16) 3200 Bonus (32302) 32302 TOTAL SCORE: 72329 Bonus ------- Triggered High Security 500 Triggered Max Security 2000 High Alert Combat Kills 4984 Follower Combat Kills 3772 Network Hubs Disabled 200 Aligned with FarCom 300 Destroyed Z-Imprinter 1000 Triggered Deep Caves Wall 500 Exposed GOLEM Chamber 500 Met R17 at Cetus 500 Found Hidden Lab 3000 Used Core Reset Matrix 3000 Met Sigix 2000 Activated Exoskeleton 3000 Destroyed MAIN.C Guards 500 Met MAIN.C 5000 Destroyed MAIN.C Shell 5000 Friendly Fire -3454 Cogmind --------- Core Integrity 429/1600 Matter 125/425 Energy 1045/1700 System Corruption 16% Temperature Cool (0) Movement Core (200) Ox3 Location -1/Command Parts ------- > --- POWER (2) -------- (None) > --- PROPULSION (3) --- (None) > --- UTILITY (18) ----- Experimental Energy Well Assembled Biocell Array Improved Weapon Cycler GOLEM Unit Spacefold Activator Microwarp Drive > --- WEAPON (3) ------- (None) > --- INVENTORY (5) ---- Micro-nuke Launcher Peak State ------------ > --- POWER ------------ Matter Drive > --- PROPULSION ------- Potential Leg Potential Leg Potential Leg > --- UTILITY ---------- High-capacity Storage Unit Experimental Energy Well Assembled Biocell Array Assembled Metafiber Network Advanced Sensor Array Experimental Signal Interpreter Advanced Terrain Scanner Experimental Terrain Scan Processor Assembled Combat Suite Experimental Targeting Computer Advanced Transmission Jammer Assembled Alloy Armor AEGIS Remote Shield GOLEM Unit Spacefold Activator Microwarp Drive > --- WEAPON ----------- Latent Energy Streamer Sigix Broadsword > --- INVENTORY -------- Centrium Wheel Improved Weapon Cycler Stasis Canceller Experimental Cloaking Device Experimental Propulsion Shielding Experimental Utility Shielding Experimental Weapon Shielding Transdimensional Reconstructor Core Regenerator Cooled Phase Cannon Improved Potential Cannon Z-bomb Delivery System Sigix Terminator [Rating: 262] Favorites ----------- Power Assembled Flux Generator Engine Improved Ion Engine Power Core Light Fission Core Reactor Assembled Flux Generator Propulsion Centrium Wheel Treads Light Treads Leg Potential Leg Wheel Centrium Wheel Flight Unit Xenon Bombardment Thruster Utility Hacking Suite Device Advanced Sensor Array Storage Assembled Biocell Array Processor Improved Signal Interpreter Hackware Hacking Suite Protection Assembled Alloy Armor Artifact Microwarp Drive Weapon Assembled Focal Cannon Energy Gun Improved EM Shotgun Energy Cannon Assembled Focal Cannon Ballistic Gun Heavy Assault Rifle Launcher Gamma Bomb Array Special Weapon Plasma Cutter Impact Weapon Power Maul Slashing Weapon Sigix Broadsword Piercing Weapon Heavy Pick Build | -11 -10 -10 -9 -9 -9 -8 -8 -8 -8 -6 -6 -6 -6 -6 -5 -5 -5 -5 -5 -5 -4 -4 -4 -3 -3 -2 -2 -2 -1 -1 ------- Run | Scr Mat Min Mat Min Exi Min Mat Sto Rec Fac Low Low Zio Dee Pro Fac Ext Cet Arc Hub Fac Arm Lab Res Qua Res Tes Sec Acc Com Slots Evolved 18 | . . . 2 . . . 2 . . 4 . . . . . 2 . . . . 2 . . 2 . 2 . . 2 . Power 1 | . . . . . . . . . . . . . . . . 1 . . . . . . . . . . . . . . Propulsion 1 | . . . . . . . . . . . . . . . . . . . . . . . . . . . . . 1 . Utility 16 | . . . 2 . . . 2 . . 4 . . . . . 1 . . . . 2 . . 2 . 2 . . 1 . Weapon . | . . . . . . . . . . . . . . . . . . . . . . . . . . . . . . . Parts Attached 576 | . . 2 12 . . 7 4 14 2 67 3 3 9 39 . 16 10 13 3 12 53 47 3 67 45 44 32 33 13 23 Power 36 | . . . 1 . . 1 1 1 1 4 . . . 2 . 1 . . . . . . . . 2 5 4 3 6 4 Engine 7 | . . . 1 . . 1 1 1 1 2 . . . . . . . . . . . . . . . . . . . . Core 2 | . . . . . . . . . . 2 . . . . . . . . . . . . . . . . . . . . Reactor 27 | . . . . . . . . . . . . . . 2 . 1 . . . . . . . . 2 5 4 3 6 4 Propulsion 44 | . . . 3 . . 2 . 5 . 8 1 . . 4 . 2 . . . . 4 3 2 3 1 2 . 1 2 1 Treads 3 | . . . 3 . . . . . . . . . . . . . . . . . . . . . . . . . . . Leg 24 | . . . . . . 2 . 4 . 6 . . . 3 . . . . . . 2 . 2 . . 2 . 1 2 . Wheel 15 | . . . . . . . . . . 2 1 . . 1 . 2 . . . . 2 3 . 3 1 . . . . . Hover . | . . . . . . . . . . . . . . . . . . . . . . . . . . . . . . . Flight 2 | . . . . . . . . 1 . . . . . . . . . . . . . . . . . . . . . 1 Utility 346 | . . 2 4 . . 1 3 2 1 31 1 3 7 19 . 9 4 5 3 10 45 34 . 47 34 32 20 23 1 5 Device 233 | . . 1 1 . . 1 1 . . 13 1 1 3 7 . 6 4 3 3 10 36 33 . 39 19 21 14 14 1 1 Storage 29 | . . 1 1 . . . . . . 8 . 2 1 4 . 1 . . . . 3 . . 1 3 3 . . . 1 Processor 14 | . . . . . . . . 1 . 2 . . . . . 1 . . . . 2 . . 3 2 . . 3 . . Hackware 13 | . . . . . . . 1 . 1 4 . . 2 . . . . . . . 2 . . . 1 1 . . . 1 Protection 51 | . . . 2 . . . 1 1 . 4 . . 1 8 . 1 . 2 . . 2 1 . 4 9 7 6 1 . 1 Artifact 6 | . . . . . . . . . . . . . . . . . . . . . . . . . . . . 5 . 1 Weapon 150 | . . . 4 . . 3 . 6 . 24 1 . 2 14 . 4 6 8 . 2 4 10 1 17 8 5 8 6 4 13 Energy Gun 4 | . . . 1 . . . . . . 2 . . . . . . . 1 . . . . . . . . . . . . Energy Cannon 93 | . . . 1 . . 1 . 4 . 13 1 . 1 7 . 3 5 5 . 1 3 10 1 9 4 3 6 6 3 6 Ballistic Gun 3 | . . . 2 . . . . . . 1 . . . . . . . . . . . . . . . . . . . . Ballistic Cannon . | . . . . . . . . . . . . . . . . . . . . . . . . . . . . . . . Launcher 37 | . . . . . . 2 . 2 . 6 . . 1 6 . 1 1 1 . 1 . . . 6 3 2 1 . 1 3 Special Weapon 2 | . . . . . . . . . . 1 . . . . . . . . . . 1 . . . . . . . . . Impact Weapon 1 | . . . . . . . . . . 1 . . . . . . . . . . . . . . . . . . . . Slashing Weapon 9 | . . . . . . . . . . . . . . 1 . . . 1 . . . . . 1 1 . 1 . . 4 Piercing Weapon 1 | . . . . . . . . . . . . . . . . . . . . . . . . 1 . . . . . . Special Melee Weapon . | . . . . . . . . . . . . . . . . . . . . . . . . . . . . . . . Unidentified Prototypes 47 | . . 1 2 . . . . 3 . 2 . . 3 8 . 1 1 3 . . 1 . 1 4 4 2 6 5 . . Corrupted Parts 6 | . . . . . . 2 . . 1 2 . . . . . . . . . . . . . . . . 1 . . . System Corruption 38 | . . . . . . 13 . . 4 20 . . . . . . . . . . . . . . . . 1 . . . Parts Lost 39 | . . . 3 . . 2 . 3 . 7 . . . 1 . 2 . 1 . . 1 1 . 1 1 1 . 1 1 13 Power 3 | . . . . . . . . . . 2 . . . . . . . . . . . . . . . . . . . 1 Propulsion 8 | . . . 1 . . 1 . 1 . 1 . . . . . . . . . . . . . . . . . . . 4 Utility 23 | . . . 1 . . 1 . 2 . 2 . . . 1 . 1 . 1 . . 1 1 . 1 1 1 . 1 1 7 Weapon 5 | . . . 1 . . . . . . 2 . . . . . 1 . . . . . . . . . . . . . 1 Highest Loss Streak 13 | . . . 1 . . 1 . 3 . 2 . . . 1 . 2 . 1 . . 1 1 . 1 1 1 . 1 1 13 To Critical Strikes . | . . . . . . . . . . . . . . . . . . . . . . . . . . . . . . . Average Slot Usage (%) 89 | . 85 98 84 100 100 95 88 98 100 90 93 93 89 85 100 84 87 83 88 87 88 88 78 91 90 89 83 80 76 62 Engine 2 | . 14 14 11 11 11 10 9 9 9 2 6 6 6 . . . . . . . . . . . . . . . . . Reactor 3 | . . . . . . . . . . . . . . 5 6 5 5 5 5 5 4 5 3 4 4 5 3 3 . 1 Treads 2 | . . . 16 22 22 10 . . . . . . . . . . . . . . . . . . . . . . . . Leg 4 | . 28 28 5 . . 11 18 17 18 8 . . . 3 13 6 . . . . . . 9 . . 3 8 7 11 9 Wheel 4 | . . . . . . . . . . 1 5 6 6 4 . 4 11 11 11 11 9 9 . 8 9 4 . . . . Device 17 | . . 12 9 11 11 15 20 22 13 8 10 11 6 11 13 24 23 19 17 17 22 20 17 21 15 18 28 31 26 18 Storage 10 | . 14 14 11 11 11 11 9 9 9 10 6 7 13 9 20 11 11 11 11 11 10 10 10 11 11 8 14 12 11 8 Processor 8 | . . . . . . . . 3 9 10 13 13 13 13 13 6 11 11 11 11 10 10 10 9 14 14 8 8 10 5 Hackware 9 | . . . . . . . 7 9 13 23 26 26 26 14 13 7 5 5 5 5 6 10 10 9 10 12 . . . 1 Protection 10 | . . . 9 22 22 13 6 8 9 6 8 6 5 10 6 3 5 7 11 11 10 10 10 12 13 10 13 6 3 4 Energy Gun 1 | . 14 14 6 11 11 5 . . . . . . . . . . . . . . . . . . . . . . . . Energy Cannon 7 | . . . 3 11 11 10 9 11 18 7 6 6 3 3 6 8 10 4 11 10 9 8 6 12 2 1 1 1 . . Launcher 1 | . . . . . . 5 9 6 . . . . . 4 6 1 . 1 . . . . . . 2 2 . . . . Naked Turns . | . . . . . . . . . . . . . . . . . . . . . . . . . . . . . . . Heaviest Build 160 | 13 13 26 41 41 41 41 42 43 40 57 57 58 54 59 58 98 93 101 108 108 139 135 137 160 160 140 125 119 119 128 Greatest Support 90 | 20 20 20 40 40 40 40 30 30 30 60 28 28 28 60 60 80 52 52 32 32 80 52 60 60 52 80 80 80 90 90 Greatest Overweight (x) 7 | . . 1 1 1 1 2 1 2 1 2 2 2 1 2 . 2 1 3 3 3 3 4 3 4 4 7 2 1 1 7 Average Overweight (x) 1 | . . . . 1 1 1 1 1 1 . 1 1 1 . . 1 1 1 3 2 1 2 1 2 2 2 . . . . Largest Inventory Capacity 20 | . 8 10 15 15 15 15 15 15 15 15 15 15 15 15 15 15 15 15 15 15 20 20 20 20 20 20 20 20 20 20 Average Capacity 16 | . 8 8 11 15 15 15 15 15 15 15 15 15 15 15 15 14 15 15 15 15 16 20 20 18 20 19 20 20 20 17 Most Carried 20 | . 8 8 15 15 15 15 15 15 15 15 15 15 15 15 15 15 15 15 15 15 20 20 20 20 20 20 20 20 18 20 Average Carried 16 | . 7 8 10 14 14 14 14 14 14 14 14 15 14 14 15 14 14 14 14 14 14 19 19 17 19 19 19 18 17 15 Final Capacity 20 | 8 8 10 15 15 15 15 15 15 15 15 15 15 15 15 15 15 15 15 15 15 20 20 20 20 20 20 20 20 20 5 Final Carried 20 | 6 8 8 15 15 15 15 15 15 15 15 15 15 15 15 15 14 15 15 15 15 20 19 20 19 20 16 20 17 16 1 Class Distribution -------------------- 25% | Scavenger-Mutant 20% | Hacker-Mutant 11% | Mutant 9% | Hacker-Golem 8% | Hacker-Assassin 7% | Alien-Assassin 5% | Alien-Mutant 4% | Golem Dominant Class ---------------- Mutant | -10/Materials Mutant | -10/Mines Mutant | -9/Materials Scavenger-Mutant | -9/Mines Scavenger-Mutant | -9/Exiles Scavenger-Mutant | -8/Mines Scavenger-Mutant | -8/Materials Scavenger-Mutant | -8/Storage Mutant | -8/Recycling Hacker-Mutant | -6/Factory Hacker-Mutant | -6/Lower Caves Hacker-Mutant | -6/Lower Caves Hacker-Mutant | -6/Zion Scavenger-Mutant | -6/Deep Caves Scavenger-Mutant | -5/Proximity Caves Mutant | -5/Factory Golem | -5/Extension Mutant | -5/Cetus Mutant | -5/Archives Mutant | -5/Hub_04(d) Golem | -4/Factory Hacker-Mutant | -4/Armory Hacker-Mutant | -4/Lab Hacker-Mutant | -3/Research Hacker-Assassin | -3/Quarantine Hacker-Assassin | -2/Research Alien-Mutant | -2/Testing Alien-Assassin | -2/Section 7 Alien-Assassin | -1/Access Alien-Mutant | -1/Command Resources | -11 -10 -10 -9 -9 -9 -8 -8 -8 -8 -6 -6 -6 -6 -6 -5 -5 -5 -5 -5 -5 -4 -4 -4 -3 -3 -2 -2 -2 -1 -1 ----------- Run | Scr Mat Min Mat Min Exi Min Mat Sto Rec Fac Low Low Zio Dee Pro Fac Ext Cet Arc Hub Fac Arm Lab Res Qua Res Tes Sec Acc Com Matter Collected 8852 | 200 3 19 390 6 . 133 55 230 23 1045 62 . 96 667 . 426 226 228 49 139 424 518 . 1202 619 653 345 509 202 383 Remotely . | . . . . . . . . . . . . . . . . . . . . . . . . . . . . . . . Salvage Created 25836 | . 78 . 753 . . 329 387 954 181 2886 . 42 . 2570 17 2447 700 626 395 263 1071 2448 . 4675 1766 991 568 514 560 615 Parts 1107 | . 7 . 51 . . 15 21 44 12 105 . 7 . 29 . 104 33 23 16 17 54 94 . 204 89 80 40 34 28 . Haulers Intercepted 10 | . . . 1 . . . 1 1 . 2 . . . . . 1 . . . . . . . 2 . 1 . . 1 . Recyclers Shooed 18 | . 1 . 1 . . . . . 2 1 . . . . . 5 1 . . . . . . 5 1 . . . 1 . Parts Field Recycled . | . . . . . . . . . . . . . . . . . . . . . . . . . . . . . . . Retrieved Matter . | . . . . . . . . . . . . . . . . . . . . . . . . . . . . . . . Parts Self-Destructed 8 | . . . . . . . . . . . . 7 1 . . . . . . . . . . . . . . . . . Prevented . | . . . . . . . . . . . . . . . . . . . . . . . . . . . . . . . Kills | -11 -10 -10 -9 -9 -9 -8 -8 -8 -8 -6 -6 -6 -6 -6 -5 -5 -5 -5 -5 -5 -4 -4 -4 -3 -3 -2 -2 -2 -1 -1 ------- Run | Scr Mat Min Mat Min Exi Min Mat Sto Rec Fac Low Low Zio Dee Pro Fac Ext Cet Arc Hub Fac Arm Lab Res Qua Res Tes Sec Acc Com Combat Hostiles Destroyed 386 | . 1 . 12 . . 7 4 21 2 42 . 1 . 64 4 35 7 7 4 2 18 35 . 52 17 12 7 7 10 15 Melee 26 | . . . . . . . . . . . . . . . . . . . . . . . . . 8 11 4 3 . . Guns 19 | . 1 . 12 . . 2 . . . 4 . . . . . . . . . . . . . . . . . . . . Cannons 104 | . . . . . . 1 3 7 2 8 . 1 . 3 . 13 3 . 4 1 9 14 . 28 2 . 1 3 . 1 AOE 187 | . . . . . . 3 1 12 . 23 . . . 54 4 18 4 4 . . 6 11 . 18 4 . . 1 10 14 Classes Destroyed 27 | . 3 . 5 . . 1 2 1 2 2 . . . 4 . 1 1 . . . . 3 . . 1 . . 1 . . Worker 22 | . . . 2 . . . . 2 . . . . . . . 5 . . . 2 1 . . 2 1 1 . . 6 . Builder 20 | . . . . . . . . . 1 6 . . . . . 2 1 . . 2 . . . 2 4 . 2 . . . Tunneler 2 | . . . 2 . . . . . . . . . . . . . . . . . . . . . . . . . . . Hauler 10 | . . . 1 . . . 1 1 . 2 . . . . . 1 . . . . . . . 2 . 1 . . 1 . Recycler 19 | . . . . . . . 2 . 2 3 . . . . . 3 1 . . . . . . 4 3 . . . 1 . Mechanic 4 | . . . . . . . . . . . . . . . . . 1 . . . . . . . . . . . 1 2 Operator 8 | . 2 . 2 . . . . . . . . . . . . 3 . . 1 . . . . . . . . . . . Drone 2 | . . . . . . . . . 2 . . . . . . . . . . . . . . . . . . . . . Watcher 18 | . 1 . 1 . . . . 1 . 1 . . . . . . 1 1 . 1 3 . . 4 2 1 1 . . . Swarmer 42 | . . . . . . . 1 3 . 8 . . . . 4 9 . . . . 5 . . 5 . . . . 7 . Cutter 2 | . . . . . . . . . . . . . . . . . . . . . . 2 . . . . . . . . Saboteur 2 | . . . . . . . . . . . . . . . . . . . . . . 2 . . . . . . . . Grunt 118 | . 1 . 8 . . 6 1 12 . 21 . . . . . 15 5 4 . . 3 6 . 22 5 . . . 2 7 Brawler 9 | . . . 2 . . . . 2 . 2 . . . . . . . . . . 1 . . . . . . . 1 1 Duelist 7 | . . . . . . . . . . 3 . . . . . . . . . . . 3 . 1 . . . . . . Protector 6 | . . . . . . . . 1 . 1 . . . . . . . . . . . 2 . 1 . . . . . 1 Sentry 23 | . . . 2 . . . 2 3 . 1 . . . . . 1 2 . 4 2 . 3 . 1 . 1 . 1 . . Specialist 12 | . . . . . . . . . . . . . . . . 2 . . . . . 4 . 3 3 . . . . . Hunter 16 | . . . . . . 1 . . . 3 . . . . . 2 . . . . . 4 . 4 2 . . . . . Programmer 71 | . . . . . . . . . . 4 . 1 . . . 6 . . . . 9 8 . 15 6 11 6 5 . . Heavy 1 | . . . . . . . . . . . . . . . . . . . . . . 1 . . . . . . . . Cetus Guard 3 | . . . . . . . . . . . . . . . . . . 3 . . . . . . . . . . . . M Shell/Atk 1 | . . . . . . . . . . . . . . . . . . . . . . . . . . . . . . 1 M Shell/Def 3 | . . . . . . . . . . . . . . . . . . . . . . . . . . . . . . 3 Enhanced Grunt 1 | . . . . . . . . . . . . . . 1 . . . . . . . . . . . . . . . . Executioner 2 | . . . . . . . . . . . . . . . . . . . . . . . . . . . . 1 . 1 Alpha 7 1 | . . . . . . . . . . . . . . . . . . . . . . . . . 1 . . . . . Protovariant G 1 | . . . . . . . . . . . . . . . . . . . . . . . . . . . 1 . . . Z-Light 4 | . . . . . . . . . . . . . . 4 . . . . . . . . . . . . . . . . Assembler 2 | . . . . . . . . . . . . . . 2 . . . . . . . . . . . . . . . . Assembled 48 | . . . . . . . . . . . . . . 48 . . . . . . . . . . . . . . . . Golem 12 | . . . . . . . . . . . . . . 12 . . . . . . . . . . . . . . . . Best Kill Streak 35 | . 2 . 4 . . 3 3 8 2 10 . 1 . 35 4 17 5 4 2 6 5 10 . 12 15 3 3 2 10 12 Combat Bots Only 35 | . 1 . 3 . . 3 2 7 1 7 . 1 . 35 4 13 4 4 2 1 5 10 . 10 9 3 3 2 7 10 Max Kills in Single Turn 25 | . 1 . 1 . . 1 1 2 2 8 . 1 . 25 1 4 5 3 1 4 5 3 . 4 5 1 2 1 6 4 Gunslinging . | . . . . . . . . . . . . . . . . . . . . . . . . . . . . . . . Exploded 25 | . . . . . . 1 1 2 . 5 . . . 25 1 3 4 3 . . 5 3 . 3 3 . . 1 5 4 Melee 1 | . . . . . . . . . . . . . . . . . . . . . . . . . 1 1 1 1 . . Uniques/NPCs Destroyed 3 | . . . . . . . . . . . . . . 1 . . . 1 . . . . . . . . . . . 1 Z-Imprinter (-6/Deep Caves) A7 (-5/Cetus) MAIN.C Shell (-1/Command) Combat | -11 -10 -10 -9 -9 -9 -8 -8 -8 -8 -6 -6 -6 -6 -6 -5 -5 -5 -5 -5 -5 -4 -4 -4 -3 -3 -2 -2 -2 -1 -1 -------- Run | Scr Mat Min Mat Min Exi Min Mat Sto Rec Fac Low Low Zio Dee Pro Fac Ext Cet Arc Hub Fac Arm Lab Res Qua Res Tes Sec Acc Com Damage Taken 19063 | . 34 . 856 38 . 450 112 602 . 2024 . 62 . 1318 143 1097 145 143 191 217 477 902 . 873 1615 1144 524 1967 450 3679 Core 4156 | . . . 81 8 . 33 37 107 . 306 . . . 216 43 175 9 48 57 14 9 130 . 91 76 65 20 1060 119 1452 Absorbed by Shields 5803 | . . . . . . . 16 60 . . . . . . . . 31 43 137 150 247 532 . 742 667 929 412 484 275 1078 Redirected to Shielding 1141 | . . . . . . . . 18 . 126 . . . 253 59 78 . . . . 19 . . 15 65 244 76 53 . 135 Regen/Repaired (Parts) 3883 | . . . . . . . . . . . . . . . . . . 43 45 11 413 283 28 307 833 939 235 434 211 101 Core Remaining (%) 70 | 100 . 100 . . . 69 . . 73 . . . . . 33 . . . . 69 . . 87 . 80 . . 19 . . Volleys Fired 849 | . 12 . 77 1 . 20 19 69 10 72 . 3 . 58 6 85 35 8 25 16 44 58 18 107 41 5 12 27 5 16 Largest 3 | . 2 . 2 2 . 2 1 2 2 2 . 1 . 2 1 2 2 1 2 2 2 2 1 3 3 1 1 1 1 1 Hottest 200 | . 70 . 113 113 . 113 68 136 136 136 . 85 . 95 43 130 130 60 60 105 130 130 35 110 85 60 120 120 60 200 Shots Fired 1270 | . 24 . 153 2 . 26 19 92 19 109 . 3 . 57 6 109 56 15 34 21 77 84 18 222 58 9 13 23 4 17 Gun 228 | . 24 . 151 1 . 16 . . . 30 . . . . . . . 6 . . . . . . . . . . . . Cannon 936 | . . . 2 1 . 6 18 78 19 68 . 3 . 37 . 93 56 5 34 21 77 84 18 209 50 5 13 23 3 13 Launcher 106 | . . . . . . 4 1 14 . 11 . . . 20 6 16 . 4 . . . . . 13 8 4 . . 1 4 Special . | . . . . . . . . . . . . . . . . . . . . . . . . . . . . . . . Kinetic 128 | . 12 . 108 . . . . . . 8 . . . . . . . . . . . . . . . . . . . . Thermal 951 | . 12 . 43 1 . 6 18 78 19 84 . 3 . 19 . 89 55 7 34 21 74 72 18 206 48 1 12 19 . 12 Explosive 37 | . . . . . . 4 1 7 . 3 . . . 7 6 5 . . . . . . . . . . . . 1 3 Electromagnetic 154 | . . . 2 1 . 16 . 7 . 14 . . . 31 . 15 1 8 . . 3 12 . 16 10 8 1 4 3 2 Robot Hit Streak 28 | . 8 . 15 1 . 10 5 10 3 28 . 2 . 10 7 9 12 8 17 6 16 17 . 16 12 8 4 8 9 9 Robot Miss Streak 6 | . 3 . 2 1 . 2 1 4 4 6 . 1 . 2 2 3 2 1 2 1 2 3 2 3 3 4 1 1 1 1 Penetration Max . | . . . . . . . . . . . . . . . . . . . . . . . . . . . . . . . Secondary Targets 1 | . . . 1 . . . . . . . . . . . . . . . . . . . . . . . . . . . Max Gunslinging Chain 1 | . . . 1 . . . . . . . . . . . . . . . . . . . . . . . . . . . Autonomous 28 | . . . . . . . . . . 22 . . . . . . . 6 . . . . . . . . . . . . Shots Hit Robots 844 | . 15 . 110 2 . 21 13 59 8 65 . 2 . 33 3 55 25 16 28 6 46 48 . 131 49 32 18 27 9 23 Core Hits 922 | . 7 . 37 . . 17 8 40 5 92 . 1 . 143 4 73 22 32 12 15 22 67 . 172 42 20 10 12 25 44 Critical Kills 8 | . . . . . . . . 2 . 1 . . . . . 1 . . . 2 . 1 . . . . 1 . . . Critical Parts Destroyed 1 | . . . 1 . . . . . . . . . . . . . . . . . . . . . . . . . . . Critical Strikes 19 | . . . 2 . . . . 2 . 1 . . . . . 1 . 1 . 2 . 1 . . 2 2 1 3 . 1 Burn 1 | . . . 1 . . . . . . . . . . . . . . . . . . . . . . . . . . . Meltdown 8 | . . . . . . . . 2 . 1 . . . . . 1 . . . 2 . 1 . . . . 1 . . . Destroy 1 | . . . 1 . . . . . . . . . . . . . . . . . . . . . . . . . . . Sever 9 | . . . . . . . . . . . . . . . . . . 1 . . . . . . 2 2 . 3 . 1 Melee Attacks 182 | . . . . . . . . . . 3 . . 1 1 . . . 7 . . . . . . 41 62 15 23 15 14 Impact 4 | . . . . . . . . . . 3 . . 1 . . . . . . . . . . . . . . . . . Slashing 178 | . . . . . . . . . . . . . . 1 . . . 7 . . . . . . 41 62 15 23 15 14 Piercing . | . . . . . . . . . . . . . . . . . . . . . . . . . . . . . . . Sneak Attacks 15 | . . . . . . . . . . 1 . . . . . . . 7 . . . . . . . 3 1 1 2 . Combat Hostiles . | . . . . . . . . . . . . . . . . . . . . . . . . . . . . . . . Follow-up Attacks . | . . . . . . . . . . . . . . . . . . . . . . . . . . . . . . . Damage Inflicted 75180 | . 155 . 1516 47 . 638 324 2452 223 6169 . 76 . 8626 550 5486 1780 1802 1216 923 3441 4661 . 9028 3707 2615 1533 1854 3172 13186 Guns 2763 | . 155 . 1482 12 . 264 . . . 700 . . . . . . . 150 . . . . . . . . . . . . Cannons 21945 | . . . 21 21 . 83 270 1124 185 799 . 76 . 577 . 2429 1131 84 1216 278 2403 1941 . 5673 1106 25 586 642 12 1263 Explosions 43343 | . . . . . . 274 41 1328 . 4559 . . . 7962 550 3057 649 1188 . 645 1038 2720 . 3355 1454 264 307 312 2475 11165 Melee 7020 | . . . . . . . . . . 97 . . . 87 . . . 380 . . . . . . 1147 2326 640 900 685 758 Ramming 109 | . . . 13 14 . 17 13 . 38 14 . . . . . . . . . . . . . . . . . . . . Kinetic 1249 | . 66 . 1060 . . . . . . 123 . . . . . . . . . . . . . . . . . . . . Thermal 31951 | . 89 . 397 21 . 83 270 1161 185 2369 . 76 . 581 . 2567 1429 209 1216 278 2384 1948 . 5902 1185 3 581 622 82 8313 Explosive 9581 | . . . . . . 274 41 522 . 840 . . . 1348 550 656 . . . . . . . . . . . . 1470 3880 Electromagnetic 25270 | . . . 46 12 . 264 . 769 . 2726 . . . 6610 . 2263 351 1213 . 645 1057 2713 . 3126 1375 286 312 332 935 235 Impact 97 | . . . . . . . . . . 97 . . . . . . . . . . . . . . . . . . . . Slashing 6923 | . . . . . . . . . . . . . . 87 . . . 380 . . . . . . 1147 2326 640 900 685 758 Piercing . | . . . . . . . . . . . . . . . . . . . . . . . . . . . . . . . Highest Corruption 56 | . . . . . . 13 . 1 5 37 37 38 38 38 38 15 23 31 31 32 16 45 45 18 38 17 32 56 11 16 Average Corruption 18 | . . . . . . 12 . 1 3 6 37 37 38 17 38 11 18 29 31 31 7 26 45 11 30 10 24 44 4 13 Corruption Purged 3 | . . . . . . . . . . 3 . . . . . . . . . . . . . . . . . . . . Corruption Blocked 20 | . . . . . . . . . . . . . . . . . . . . . . . . . . . 20 . . . Effects 714 | . . . . . . 12 . 1 11 20 12 13 3 54 5 54 29 16 15 13 39 63 6 68 93 66 36 63 4 18 Message Errors 164 | . . . . . . 2 . . 3 3 1 2 1 13 1 15 8 5 3 3 7 14 1 15 25 15 7 17 1 2 Matter Fused 159 | . . . . . . 5 . . 3 6 2 4 . 8 . 14 8 5 2 1 8 15 3 16 21 11 8 16 1 2 Heat Flow Errors 85 | . . . . . . 1 . . . 1 1 2 . 7 . 5 4 2 3 . 10 5 . 12 12 9 3 5 1 2 Energy Discharges 90 | . . . . . . 1 . . 3 8 5 3 . 7 2 7 3 2 . 2 3 5 1 4 7 10 9 6 . 2 Parts Rejected 4 | . . . . . . . . . 1 . . . . . . . . . . . . 1 . . 1 . . 1 . . Data Loss (minor) 83 | . . . . . . 3 . . . 2 3 1 2 5 1 8 2 1 1 3 6 7 . 9 7 9 6 4 . 3 Data Loss (major) 39 | . . . . . . . . . . . . 1 . 4 1 1 2 . . 1 2 4 1 4 8 5 1 3 . 1 Misfires 32 | . . . . . . . . 1 . . . . . 2 . 3 . 1 . 2 3 4 . 3 7 4 1 . . 1 Alerts 15 | . . . . . . . . . . . . . . 1 . . 1 . . . . 1 . 3 3 2 1 2 . 1 Misdirections 14 | . . . . . . . . . . . . . . 2 . . . . . 1 . . . . 1 1 . 5 . 4 Weapon Failures 29 | . . . . . . . . . 1 . . . . 5 . 1 1 . 6 . . 7 . 2 1 . . 4 1 . Overload Shots 41 | . . . . . . . . . . . . . . . . 19 3 . . 1 11 1 . . . . 5 1 . . Overflow Damage 3603 | . . . 6 . . . . 76 . 135 . . . 212 17 205 32 13 57 39 479 86 . 244 106 335 172 60 516 813 Projectiles 1187 | . . . 6 . . . . 30 . . . . . 25 . 174 32 . 57 11 460 86 . 244 3 . 40 19 . . Explosions 1528 | . . . . . . . . 46 . 62 . . . 187 17 31 . 13 . 28 19 . . . 12 . . . 320 793 Melee 888 | . . . . . . . . . . 73 . . . . . . . . . . . . . . 91 335 132 41 196 20 Knockbacks 2 | . . . . 1 . . . . . 1 . . . . . . . . . . . . . . . . . . . . Impact 2 | . . . . 1 . . . . . 1 . . . . . . . . . . . . . . . . . . . . Kinetic . | . . . . . . . . . . . . . . . . . . . . . . . . . . . . . . . Secondary . | . . . . . . . . . . . . . . . . . . . . . . . . . . . . . . . Self-Inflicted Damage 1125 | . . . . . . 32 . 109 . 68 . . . 55 40 116 . . . 80 . . . 120 229 144 . . . 132 Shots 70 | . . . . . . 1 . 7 . 3 . . . 1 1 6 . . . 1 . . . 11 23 13 . . . 3 Rammed 11 | . . . 4 6 . 1 . . . . . . . . . . . . . . . . . . . . . . . . Targets Rammed 24 | . . . 4 6 . 5 2 . 5 2 . . . . . . . . . . . . . . . . . . . . Kicked 13 | . . . . . . 4 2 . 5 2 . . . . . . . . . . . . . . . . . . . . Crushed . | . . . . . . . . . . . . . . . . . . . . . . . . . . . . . . . Highest Temperature 293 | . 100 . 122 33 . 293 . 38 18 196 100 257 . 234 32 215 262 228 132 50 254 257 . 272 140 240 160 242 136 178 Average Temperature 66 | . 40 . 38 18 . 150 . 18 11 47 62 80 . 95 18 73 80 71 51 32 75 78 . 105 62 97 85 77 84 73 Received Heat Transfer 2280 | . 21 . 351 . . 144 51 220 . 402 . . . 209 . 282 21 9 29 39 28 102 . 112 6 4 47 30 4 169 Siege Activations . | . . . . . . . . . . . . . . . . . . . . . . . . . . . . . . . Robots Corrupted 44 | . . . . . . 1 . 1 . 6 . . . 7 . 3 . 3 . . 3 9 . 6 3 1 1 . . . Combat Hostiles 44 | . . . . . . 1 . 1 . 6 . . . 7 . 3 . 3 . . 3 9 . 6 3 1 1 . . . Parts Fried 140 | . . . . . . 2 . 4 . 18 . . . 12 . 18 3 3 . 2 5 26 . 30 8 1 4 3 1 . Impact Corruptions 1 | . . . . . . . . . . 1 . . . . . . . . . . . . . . . . . . . . Robots Melted 8 | . . . . . . . . 2 . 1 . . . . . 1 . . . 2 . 1 . . . . 1 . . . Combat Hostiles 6 | . . . . . . . . 1 . 1 . . . . . 1 . . . 1 . 1 . . . . 1 . . . Parts Melted 51 | . . . . . . . . 4 . 2 . . . . . 7 1 1 . 3 10 4 . 10 1 . 4 4 . . Heat Transferred 24681 | . 259 . 1221 37 . 148 481 2035 333 2476 . 74 . 850 . 2085 1197 197 1025 280 1685 1512 . 4250 975 50 385 494 . 2632 Parts Sabotaged . | . . . . . . . . . . . . . . . . . . . . . . . . . . . . . . . Parts Stolen . | . . . . . . . . . . . . . . . . . . . . . . . . . . . . . . . Parts Stripped . | . . . . . . . . . . . . . . . . . . . . . . . . . . . . . . . Power Chain Reactions 19 | . . . . . . . . 1 . 3 . . . 2 . 2 1 . . . 1 1 . 4 2 1 . . 1 . Missiles Intercepted . | . . . . . . . . . . . . . . . . . . . . . . . . . . . . . . . Latent Energy Used 9870 | . . . . . . . . . . 1103 . . . 2334 . 709 200 390 . . 600 1706 . 453 400 373 175 800 399 228 LE Corruption 162 | . . . . . . . . . . 17 . . . 38 . 11 3 8 . . 9 28 . 7 6 8 3 12 8 4 Alert | -11 -10 -10 -9 -9 -9 -8 -8 -8 -8 -6 -6 -6 -6 -6 -5 -5 -5 -5 -5 -5 -4 -4 -4 -3 -3 -2 -2 -2 -1 -1 ------- Run | Scr Mat Min Mat Min Exi Min Mat Sto Rec Fac Low Low Zio Dee Pro Fac Ext Cet Arc Hub Fac Arm Lab Res Qua Res Tes Sec Acc Com Peak Influence 2744 | . 80 31 249 91 . 172 175 432 169 1404 . . . . . 994 821 950 488 695 424 940 . 1099 655 225 260 1735 2744 2643 Initial 1756 | . . 31 11 32 . . . 73 133 905 . . . . . 56 486 459 380 170 340 179 . . 616 126 60 53 1100 1756 Average 334 | . 41 31 159 27 . 51 122 230 82 842 . . . . . 374 637 815 453 269 207 433 . 446 289 97 124 309 1931 2062 Maximum Alert Level 5 | . . . 1 . . . . 2 . 4 . . . . . 3 3 3 2 2 2 3 . 3 2 1 1 5 5 5 Low Security (%) 48 | . 100 100 58 100 . 100 100 28 100 . . . . . . 24 . . . 30 53 27 . 25 5 95 90 86 . . Level 1 24 | . . . 41 . . . . 69 . 1 . . . . . 36 . . 17 60 43 27 . 17 84 4 9 . . . Level 2 15 | . . . . . . . . 2 . 41 . . . . . 35 70 26 82 9 3 30 . 33 10 . . . . . Level 3 7 | . . . . . . . . . . 30 . . . . . 3 29 73 . . . 14 . 22 . . . . . . Level 4 1 | . . . . . . . . . . 26 . . . . . . . . . . . . . . . . . . 9 . Level 5 . | . . . . . . . . . . . . . . . . . . . . . . . . . . . . . . 43 High Security . | . . . . . . . . . . . . . . . . . . . . . . . . . . . . . . 56 Max Security 1 | . . . . . . . . . . . . . . . . . . . . . . . . . . . . 13 90 . Squads Dispatched 115 | . 3 . 3 . . . . 5 . 11 . . . . . 10 4 . . 1 7 8 . 13 5 7 6 14 13 5 Investigation 14 | . 1 . . . . . . . . 2 . . . . . 1 2 . . . 1 2 . 2 2 1 . . . . Extermination 27 | . . . . . . . . . . 2 . . . . . 3 . . . . 5 2 . 4 2 5 3 1 . . Reinforcement 33 | . 2 . 3 . . . . 1 . 4 . . . . . 5 1 . . 1 1 3 . 5 1 1 3 1 . 1 Assault 36 | . . . . . . . . 2 . 2 . . . . . . 1 . . . . 1 . 2 . . . 12 12 4 Garrison 5 | . . . . . . . . 2 . 1 . . . . . 1 . . . . . . . . . . . . 1 . Intercept . | . . . . . . . . . . . . . . . . . . . . . . . . . . . . . . . Searches Triggered 2 | . . . . . . . . . . 2 . . . . . . . . . . . . . . . . . . . . Construction Impeded 8 | . . . . . . . . . . 2 . . . . . 1 1 . . . . . . 3 . 1 . . . . Haulers Reinforced 4 | . . . . . . . . . . 1 . . . . . 2 . . . . . . . 1 . . . . . . Active Scanning Responses . | . . . . . . . . . . . . . . . . . . . . . . . . . . . . . . . Cargo Convoy Interrupts . | . . . . . . . . . . . . . . . . . . . . . . . . . . . . . . . Stealth | -11 -10 -10 -9 -9 -9 -8 -8 -8 -8 -6 -6 -6 -6 -6 -5 -5 -5 -5 -5 -5 -4 -4 -4 -3 -3 -2 -2 -2 -1 -1 --------- Run | Scr Mat Min Mat Min Exi Min Mat Sto Rec Fac Low Low Zio Dee Pro Fac Ext Cet Arc Hub Fac Arm Lab Res Qua Res Tes Sec Acc Com Distress Signals 28 | . 1 . 2 . . . 2 2 . 1 . . . . . 3 . 2 . 2 . 1 . 7 3 . 1 1 . . Communications Jammed 51 | . . . . . . . . . . . . . . . . . . . . . . . . . . . 14 34 3 . Distress Signals 51 | . . . . . . . . . . . . . . . . . . . . . . . . . . . 14 34 3 . Times Spotted 648 | . 10 . 29 3 . 7 6 29 24 55 . 1 . 57 2 39 17 18 13 11 29 37 . 73 19 15 19 51 23 61 Peak Tracking Total 34 | . 4 . 4 3 . 3 2 9 5 8 . 1 . 31 3 8 4 5 2 9 7 8 . 10 6 3 10 34 20 22 Tactical Retreats 29 | . . . 1 . . . . 1 . 6 . . . 2 . 2 . . . 1 . 3 . 2 1 1 1 3 4 1 Traps | -11 -10 -10 -9 -9 -9 -8 -8 -8 -8 -6 -6 -6 -6 -6 -5 -5 -5 -5 -5 -5 -4 -4 -4 -3 -3 -2 -2 -2 -1 -1 ------- Run | Scr Mat Min Mat Min Exi Min Mat Sto Rec Fac Low Low Zio Dee Pro Fac Ext Cet Arc Hub Fac Arm Lab Res Qua Res Tes Sec Acc Com Traps Triggered 17 | . 1 . . . . . . 1 . . . . . . . 1 4 . . . 1 3 . . 1 . 1 3 1 . Indirectly 2 | . . . . . . . . . . . . . . . . 1 . . . . . . . . 1 . . . . . Trap Hack Attempts . | . . . . . . . . . . . . . . . . . . . . . . . . . . . . . . . Triggered . | . . . . . . . . . . . . . . . . . . . . . . . . . . . . . . . Disarmed . | . . . . . . . . . . . . . . . . . . . . . . . . . . . . . . . Reprogrammed . | . . . . . . . . . . . . . . . . . . . . . . . . . . . . . . . Reused . | . . . . . . . . . . . . . . . . . . . . . . . . . . . . . . . Traps Extracted . | . . . . . . . . . . . . . . . . . . . . . . . . . . . . . . . Installed . | . . . . . . . . . . . . . . . . . . . . . . . . . . . . . . . Triggered 2 | . . . . . . . . . . . . . . . . . . . . . . . . . 1 . . . 1 . Machines | -11 -10 -10 -9 -9 -9 -8 -8 -8 -8 -6 -6 -6 -6 -6 -5 -5 -5 -5 -5 -5 -4 -4 -4 -3 -3 -2 -2 -2 -1 -1 ---------- Run | Scr Mat Min Mat Min Exi Min Mat Sto Rec Fac Low Low Zio Dee Pro Fac Ext Cet Arc Hub Fac Arm Lab Res Qua Res Tes Sec Acc Com Machines Disabled 112 | . . . 1 . . 1 . 1 . 21 . . . 4 . 14 8 6 3 6 7 7 2 3 7 1 3 7 3 7 Max in Single Turn 6 | . . . 1 . . 1 . 1 . 6 . . . 1 . 3 2 3 1 6 2 1 1 1 1 1 1 1 1 1 Garrison Access 2 | . . . . . . . . . . . . . . . . . . . . . 1 . . 1 . . . . . . Network Hub 1 | . . . . . . . . . . . . . . . . . . . . 1 . . . . . . . . . . Energy Cycler 1 | . . . . . . . . . . . . . . . . . 1 . . . . . . . . . . . . . Machines Sabotaged . | . . . . . . . . . . . . . . . . . . . . . . . . . . . . . . . Garrisons Compromised . | . . . . . . . . . . . . . . . . . . . . . . . . . . . . . . . Overloaded Fab Kills . | . . . . . . . . . . . . . . . . . . . . . . . . . . . . . . . Hacking | -11 -10 -10 -9 -9 -9 -8 -8 -8 -8 -6 -6 -6 -6 -6 -5 -5 -5 -5 -5 -5 -4 -4 -4 -3 -3 -2 -2 -2 -1 -1 --------- Run | Scr Mat Min Mat Min Exi Min Mat Sto Rec Fac Low Low Zio Dee Pro Fac Ext Cet Arc Hub Fac Arm Lab Res Qua Res Tes Sec Acc Com Machines Accessed 91 | . . 1 . 1 2 . . 7 2 7 . . . . . 3 13 . . 2 9 6 . 11 9 5 5 7 . 1 Terminals 66 | . . . . 1 . . . 7 2 5 . . . . . 2 13 . . 2 5 4 . 4 7 2 4 7 . 1 Fabricators 10 | . . . . . . . . . . 1 . . . . . 1 . . . . 1 2 . 3 . 1 1 . . . Repair Stations 6 | . . . . . . . . . . . . . . . . . . . . . 2 . . 1 1 2 . . . . Recycling Units . | . . . . . . . . . . . . . . . . . . . . . . . . . . . . . . . Scanalyzers 3 | . . . . . . . . . . . . . . . . . . . . . . . . 2 1 . . . . . Garrison Access 3 | . . . . . . . . . . 1 . . . . . . . . . . 1 . . 1 . . . . . . Total Hacks 283 | . . 1 . 3 2 . . 20 3 22 . . . . . 10 25 . . 3 41 26 . 41 32 28 11 13 . 2 Successful 150 | . . 1 . 1 2 . . 16 1 10 . . . . . 4 7 . . 1 30 14 . 19 20 22 1 1 . . Failed 132 | . . . . 2 . . . 4 2 12 . . . . . 6 18 . . 2 10 12 . 22 12 6 10 12 . 2 Catastrophic 20 | . . . . . . . . . . . . . . . . 1 4 . . 1 1 2 . 4 1 . 3 3 . . Database Lockouts 1 | . . . . . . . . . . . . . . . . . . . . . 1 . . . . . . . . . Manual 120 | . . . . . 2 . . 10 2 4 . . 5 . . 3 9 . . 2 21 14 . 7 17 7 9 8 . . Terminals 200 | . . . . 3 . . . 20 3 16 . . . . . 6 25 . . 3 31 15 . 15 24 15 9 13 . 2 Fabricators 36 | . . . . . . . . . . 4 . . . . . 4 . . . . 2 11 . 9 . 4 2 . . . Repair Stations 21 | . . . . . . . . . . . . . . . . . . . . . 7 . . 3 2 9 . . . . Recycling Units . | . . . . . . . . . . . . . . . . . . . . . . . . . . . . . . . Scanalyzers 17 | . . . . . . . . . . . . . . . . . . . . . . . . 11 6 . . . . . Garrison Access 6 | . . . . . . . . . . 2 . . . . . . . . . . 1 . . 3 . . . . . . Terminal Hacks 81 | . . 1 . 1 2 . . 12 1 8 . . . . . 1 6 . . . 16 5 . 6 13 8 . 1 . . Record 4 | . . . . . 1 . . . . . . . . . . . . . . . 1 . . . 2 . . . . . Part Schematic 5 | . . . . . . . . . . . . . . . . . . . . . 4 . . 1 . . . . . . Robot Analysis 1 | . . . . . . . . . . . . . . . . . . . . . 1 . . . . . . . . . Prototype ID Bank 5 | . . . . . . . . 1 . . . . . . . . 1 . . . 1 1 . . . 1 . . . . Open Door 6 | . . 1 . . . . . 3 . . . . . . . . . . . . . . . . 2 . . . . . Level Access Points 1 | . . . . . . . . . . 1 . . . . . . . . . . . . . . . . . . . . Branch Access Points 4 | . . . . . . . . . . 1 . . . . . . . . . . 1 . . 1 . 1 . . . . Emergency Access Points 1 | . . . . . . . . . . . . . . . . . . . . . . . . . . 1 . . . . Machine Index 1 | . . . . . . . . . . . . . . . . 1 . . . . . . . . . . . . . . Terminal Index 3 | . . . . . . . . 1 . 1 . . . . . . . . . . 1 . . . . . . . . . Fabricator Index 2 | . . . . . . . . . . . . . . . . . . . . . 1 . . . 1 . . . . . Alert Level 9 | . . . . . . . . 1 1 1 . . . . . . 1 . . . 1 1 . . 3 . . . . . Unreport Threat 12 | . . . . . . . . . . 3 . . . . . . 1 . . . 1 1 . 2 4 . . . . . Locate Traps 7 | . . . . . . . . 2 . . . . . . . . 2 . . . . . . 1 . 2 . . . . Transport Status 1 | . . . . . . . . . . . . . . . . . . . . . 1 . . . . . . . . . Recall Investigation 3 | . . . . . . . . . . . . . . . . . . . . . 1 1 . . . 1 . . . . Recall Reinforcements 2 | . . . . . . . . . . . . . . . . . . . . . 1 . . . 1 . . . . . Hauler Manifests 5 | . . . . . . . . 1 . . . . . . . . . . . . 1 1 . 1 . 1 . . . . Registered Components 1 | . . . . . . . . 1 . . . . . . . . . . . . . . . . . . . . . . Registered Prototypes 1 | . . . . . . . . . . . . . . . . . . . . . . . . . . 1 . . . . Zone Layout 5 | . . . . 1 . . . 2 . 1 . . . . . . 1 . . . . . . . . . . . . . EX-Prototype ID Bank 1 | . . . . . 1 . . . . . . . . . . . . . . . . . . . . . . . . . Activate Exoskeleton 1 | . . . . . . . . . . . . . . . . . . . . . . . . . . . . 1 . . Fabricator Hacks 16 | . . . . . . . . . . 2 . . . . . 2 . . . . 2 5 . 2 . 3 . . . . Network Status 3 | . . . . . . . . . . 1 . . . . . . . . . . . 1 . 1 . . . . . . Load Schematic 6 | . . . . . . . . . . . . . . . . 1 . . . . 1 2 . 1 . 1 . . . . Build 7 | . . . . . . . . . . 1 . . . . . 1 . . . . 1 2 . . . 2 . . . . Repair Station Hacks 18 | . . . . . . . . . . . . . . . . . . . . . 6 . . 2 2 8 . . . . Scan Component 9 | . . . . . . . . . . . . . . . . . . . . . 3 . . 1 1 4 . . . . Repair 9 | . . . . . . . . . . . . . . . . . . . . . 3 . . 1 1 4 . . . . Recycling Unit Hacks . | . . . . . . . . . . . . . . . . . . . . . . . . . . . . . . . Scanalyzer 11 | . . . . . . . . . . . . . . . . . . . . . . . . 7 4 . . . . . Insert Component 6 | . . . . . . . . . . . . . . . . . . . . . . . . 4 2 . . . . . Analyze 5 | . . . . . . . . . . . . . . . . . . . . . . . . 3 2 . . . . . Garrison Access Hacks 2 | . . . . . . . . . . . . . . . . . . . . . 1 . . 1 . . . . . . Seal Access 2 | . . . . . . . . . . . . . . . . . . . . . 1 . . 1 . . . . . . Unauthorized Hacks 22 | . . . . . . . . 4 . . . . . . . 1 1 . . 1 5 4 . 1 1 3 1 . . . Terminals 21 | . . . . . . . . 4 . . . . . . . 1 1 . . 1 5 3 . 1 1 3 1 . . . Track 1 | . . . . . . . . 1 . . . . . . . . . . . . . . . . . . . . . . Assimilate 7 | . . . . . . . . . . . . . . . . 1 . . . . 4 1 . . . . 1 . . . Botnet 11 | . . . . . . . . 2 . . . . . . . . 1 . . 1 1 2 . 1 1 2 . . . . Operators 2 | . . . . . . . . 1 . . . . . . . . . . . . . . . . . 1 . . . . Fabricators 1 | . . . . . . . . . . . . . . . . . . . . . . 1 . . . . . . . . Prioritize 1 | . . . . . . . . . . . . . . . . . . . . . . 1 . . . . . . . . Repair Stations . | . . . . . . . . . . . . . . . . . . . . . . . . . . . . . . . Recycling Units . | . . . . . . . . . . . . . . . . . . . . . . . . . . . . . . . Scanalyzers . | . . . . . . . . . . . . . . . . . . . . . . . . . . . . . . . Garrison Access . | . . . . . . . . . . . . . . . . . . . . . . . . . . . . . . . Data Cores Recovered 1 | . . . . . . . . . . . . . . . . 1 . . . . . . . . . . . . . . Used 1 | . . . . . . . . . . . . . . . . 1 . . . . . . . . . . . . . . Hacking Detections 74 | . . . . 1 . . . 2 1 7 . . . . . 3 13 . . 2 8 6 . 10 5 4 5 6 . 1 Full Trace Events 11 | . . . . . . . . . . 2 . . . . . 1 2 . . . 1 2 . 2 . 1 . . . . Feedback Events 1 | . . . . . . . . . . . . . . . . . . . . . . . . 1 . . . . . . Corruption 1 | . . . . . . . . . . . . . . . . . . . . . . . . 1 . . . . . . Feedback Blocked 1 | . . . . . . . . . . 1 . . . . . . . . . . . . . . . . . . . . Robot Schematics Acquired 5 | . . . . . . . . . . . . . 4 . . . . . . . . . . . . . 1 . . . Robots Built 3 | . . . . . . . . . . 3 . . . . . . . . . . . . . . . . . . . . Authchips 1 | . . . . . . . . . . 1 . . . . . . . . . . . . . . . . . . . . Time 134 | . . . . . . . . . . 134 . . . . . . . . . . . . . . . . . . . . Total Robot Build Rating 12 | . . . . . . . . . . 12 . . . . . . . . . . . . . . . . . . . . Part Schematics Acquired 24 | . . . . . . . . . . . . . 14 . . . . . . . 4 . . 3 2 . 1 . . . Parts Built 8 | . . . . . . . . . . . . . . . . 2 . . . . 1 2 . . . 3 . . . . Authchips . | . . . . . . . . . . . . . . . . . . . . . . . . . . . . . . . Time 504 | . . . . . . . . . . . . . . . . 58 . . . . 76 114 . . . 256 . . . . Total Part Build Rating 54 | . . . . . . . . . . . . . . . . 14 . . . . 5 10 . . . 25 . . . . Parts Repaired 8 | . . . . . . . . . . . . . . . . . . . . . 3 . . 1 1 3 . . . . Time 385 | . . . . . . . . . . . . . . . . . . . . . 102 . . 20 16 247 . . . . Parts Recycled . | . . . . . . . . . . . . . . . . . . . . . . . . . . . . . . . Recycled Matter . | . . . . . . . . . . . . . . . . . . . . . . . . . . . . . . . Retrieved Matter . | . . . . . . . . . . . . . . . . . . . . . . . . . . . . . . . Retrieved Components . | . . . . . . . . . . . . . . . . . . . . . . . . . . . . . . . Parts Scanalyzed 4 | . . . . . . . . . . . . . . . . . . . . . . . . 3 1 . . . . . Part Schematics Acquired 4 | . . . . . . . . . . . . . . . . . . . . . . . . 2 2 . . . . . Parts Damaged . | . . . . . . . . . . . . . . . . . . . . . . . . . . . . . . . Bothacking | -11 -10 -10 -9 -9 -9 -8 -8 -8 -8 -6 -6 -6 -6 -6 -5 -5 -5 -5 -5 -5 -4 -4 -4 -3 -3 -2 -2 -2 -1 -1 ------------ Run | Scr Mat Min Mat Min Exi Min Mat Sto Rec Fac Low Low Zio Dee Pro Fac Ext Cet Arc Hub Fac Arm Lab Res Qua Res Tes Sec Acc Com Used RIF Installer . | . . . . . . . . . . . . . . . . . . . . . . . . . . . . . . . Robots Hacked . | . . . . . . . . . . . . . . . . . . . . . . . . . . . . . . . Non-combat . | . . . . . . . . . . . . . . . . . . . . . . . . . . . . . . . Combat . | . . . . . . . . . . . . . . . . . . . . . . . . . . . . . . . Robot Hacks Applied . | . . . . . . . . . . . . . . . . . . . . . . . . . . . . . . . Relay Couplers Released 5 | . . . . . . . . . . 3 . . . . . . . . . . . . . 2 . . . . . . Machine Destruction 2 | . . . . . . . . . . . . . . . . . . . . . . . . 2 . . . . . . Programmers 3 | . . . . . . . . . . 3 . . . . . . . . . . . . . . . . . . . . Fabnet Peak Effective % . | . . . . . . . . . . . . . . . . . . . . . . . . . . . . . . . Robots Rewired 9 | . . . . . . . . . 1 . . . . . . . 4 . . . . 4 . . . . . . . . Allies Hacked 3 | . . . . . . . . . . . . . . . . . . . . . 2 . . . . . 1 . . . Hacks Repelled . | . . . . . . . . . . . . . . . . . . . . . . . . . . . . . . . Allies | -11 -10 -10 -9 -9 -9 -8 -8 -8 -8 -6 -6 -6 -6 -6 -5 -5 -5 -5 -5 -5 -4 -4 -4 -3 -3 -2 -2 -2 -1 -1 -------- Run | Scr Mat Min Mat Min Exi Min Mat Sto Rec Fac Low Low Zio Dee Pro Fac Ext Cet Arc Hub Fac Arm Lab Res Qua Res Tes Sec Acc Com Total Allies 42 | . . . . 3 . . . 2 1 3 . . 2 1 . 1 12 . . . 3 4 . . . . 1 1 . 8 Largest Group 11 | . . . . 3 2 1 . 2 1 3 . . 2 3 . 1 11 11 3 . 1 4 4 4 . . 1 1 1 1 Highest-Rated Group 1075 | . . . . 40 24 16 . 62 18 90 . . 192 311 . 10 462 462 87 . 26 200 200 200 . . 26 1075 1075 1075 Highest-Rated Ally 1075 | . . . . 16 16 16 . 31 18 30 . . 96 119 . 10 159 159 39 . 26 50 50 50 . . 26 1075 1075 1075 Total Orders 25 | . . 1 . . . . . . . . . . . . . 3 . . . . 12 3 2 2 2 . . . . . STAY 12 | . . . . . . . . . . . . . . . . 2 . . . . 6 2 1 1 . . . . . . FOLLOW 10 | . . . . . . . . . . . . . . . . 1 . . . . 6 1 1 1 . . . . . . RETURN 3 | . . 1 . . . . . . . . . . . . . . . . . . . . . . 2 . . . . . Ally Attacks 516 | . . . . 18 . 4 . 20 26 11 . . . 151 . . 35 79 5 . . . . 33 . . . 18 33 83 Total Damage 25319 | . . . . 118 . 53 . 367 220 394 . . . 7566 . . 583 1749 42 . . . . 980 . . . 1291 3390 8566 Kills 105 | . . . . 3 . . . 2 5 3 . . . 33 . . 7 11 . . . . . 5 . . . 3 13 20 Allies Corrupted 1 | . . . . . . . . . . . . . . 1 . . . . . . . . . . . . . . . . Allies Melted 1 | . . . . . . . . . . . . 1 . . . . . . . . . . . . . . . . . . Intel | -11 -10 -10 -9 -9 -9 -8 -8 -8 -8 -6 -6 -6 -6 -6 -5 -5 -5 -5 -5 -5 -4 -4 -4 -3 -3 -2 -2 -2 -1 -1 ------- Run | Scr Mat Min Mat Min Exi Min Mat Sto Rec Fac Low Low Zio Dee Pro Fac Ext Cet Arc Hub Fac Arm Lab Res Qua Res Tes Sec Acc Com Robot Analysis Total 1 | . . . . . . . . . . . . . . . . . . . . . 1 . . . . . . . . . Derelict Logs Recovered 7 | . . 1 . 1 . . . . . . 1 . 2 . 2 . . . . . . . . . . . . . . . Drone Launches 3 | . . 1 . . . . . . . . . . . . . . . . . . . . . . 2 . . . . . Drone Recoveries 3 | . . 1 . . . . . . . . . . . . . . . . . . . . . . 2 . . . . . Exploration | -11 -10 -10 -9 -9 -9 -8 -8 -8 -8 -6 -6 -6 -6 -6 -5 -5 -5 -5 -5 -5 -4 -4 -4 -3 -3 -2 -2 -2 -1 -1 ------------- Run | Scr Mat Min Mat Min Exi Min Mat Sto Rec Fac Low Low Zio Dee Pro Fac Ext Cet Arc Hub Fac Arm Lab Res Qua Res Tes Sec Acc Com Turns Passed 27258 | . 187 146 884 1097 1120 671 339 953 893 1448 248 232 1095 1499 126 1905 618 317 180 236 2116 1221 633 2427 1868 2420 835 1017 206 321 Spaces Moved 14250 | 1 127 80 304 430 464 276 154 316 435 778 196 175 931 1156 216 708 379 150 59 101 1094 396 118 1158 987 789 657 827 307 481 Core 2 | . . . . . . . . . . . . . . . . . . . . . . . . . . . . . . 2 Treads 1240 | . . . 240 430 464 106 . . . . . . . . . . . . . . . . . . . . . . . . Legs 4814 | 1 127 80 64 . . 170 154 316 435 542 . . . 278 216 193 . . . . 21 . 97 60 . 198 657 668 269 268 Wheels 7786 | . . . . . . . . . . 236 196 175 931 878 . 515 379 150 59 101 1073 396 21 1098 987 591 . . . . Hover . | . . . . . . . . . . . . . . . . . . . . . . . . . . . . . . . Flight 1 | . . . . . . . . . . . . . . . . . . . . . . . . . . . . . . 1 Fastest Speed 36 | 120 120 120 160 240 240 120 190 190 190 45 115 115 115 45 45 45 110 110 150 130 45 130 45 110 130 72 36 36 36 36 Average Speed 138 | 120 120 179 191 240 240 210 190 190 190 134 123 127 115 110 45 127 110 125 150 149 122 146 121 140 146 163 99 106 45 60 Slowest Speed 400 | 120 120 190 240 240 240 320 190 260 190 190 130 130 115 130 45 250 110 150 150 150 150 170 250 250 170 270 250 136 136 400 Overloaded Moves 1640 | . . . . . . . . . . 78 . . . 1 216 1 . . . . 21 . 82 . . . 215 491 267 268 Propulsion Burnouts . | . . . . . . . . . . . . . . . . . . . . . . . . . . . . . . . Robots Hopped . | . . . . . . . . . . . . . . . . . . . . . . . . . . . . . . . Cave-ins Triggered 1 | . . . . . . . . . . . . . . . . . . . . . . . . . . . . . 1 . Teleports 2 | . . . . . . . . . . . . . . . . . . . . . . . . . 1 . . 1 . . Spacefolds 37 | . . . . . . . . . . . . . . . . . . . . . . . . . . . . 22 . 15 Microwarps 40 | . . . . . . . . . . . . . . . . . . . . . . . . . . . . 12 7 21 Exploration Rate (%) 44 | 2 28 14 30 63 63 65 21 59 80 24 41 42 83 81 42 22 61 57 60 14 25 37 50 34 83 20 75 56 13 20 Regions Visited 30 Branch Regions 21 Pre-discovered Areas 5 | . . 1 . . 1 . . . . . 1 . 2 . . . . . . . . . . . . . . . . . Known Exits Taken 23 | . . . . . . . 1 1 1 1 1 1 1 1 1 1 1 1 1 1 1 1 1 1 1 1 1 1 1 . Unknown Exits Taken 7 | 1 1 1 1 1 1 1 . . . . . . . . . . . . . . . . . . . . . . . . Scrap Searched 12 | . . . . 2 . 2 . . . . 4 . 4 . . . . . . . . . . . . . . . . . Spaces Dug 174 | . . . . . . . . . . 28 . . . . . 17 4 . . 3 12 47 . 24 15 19 3 1 1 . Terrain Destroyed 1862 | . . . . . . 47 13 40 . 271 . 1 . 34 58 97 46 . 1 170 95 143 . 104 36 53 14 1 14 624 Melee 37 | . . . . . . . . . . 2 . . . . . . . . . . . . . . 13 18 3 . 1 . Projectile 184 | . . . . . . . . . . 17 . 1 . 1 . 25 18 . 1 11 23 17 . 56 11 1 1 1 . . AOE 1641 | . . . . . . 47 13 40 . 252 . . . 33 58 72 28 . . 159 72 126 . 48 12 34 10 . 13 624 Terrain Rammed . | . . . . . . . . . . . . . . . . . . . . . . . . . . . . . . . Walls Destroyed . | . . . . . . . . . . . . . . . . . . . . . . . . . . . . . . . Machines Disabled . | . . . . . . . . . . . . . . . . . . . . . . . . . . . . . . . Actions | -11 -10 -10 -9 -9 -9 -8 -8 -8 -8 -6 -6 -6 -6 -6 -5 -5 -5 -5 -5 -5 -4 -4 -4 -3 -3 -2 -2 -2 -1 -1 --------- Run | Scr Mat Min Mat Min Exi Min Mat Sto Rec Fac Low Low Zio Dee Pro Fac Ext Cet Arc Hub Fac Arm Lab Res Qua Res Tes Sec Acc Com Total 20484 | . 140 83 454 486 474 334 180 580 478 1080 202 180 955 1325 237 1624 536 266 114 163 1790 936 590 1783 1281 1803 799 898 323 390 Wait 4251 | . . 1 34 48 . 19 . 158 8 107 . . 1 20 16 776 50 76 26 30 553 381 445 395 137 831 58 78 1 2 Move 13889 | . 126 79 303 429 463 275 153 315 434 777 195 174 930 1155 215 707 378 149 58 100 1093 395 117 1157 986 788 656 701 274 307 Hop . | . . . . . . . . . . . . . . . . . . . . . . . . . . . . . . . Pick Up 172 | . 2 . 13 1 5 3 1 6 2 13 . . 3 14 . 13 1 1 1 1 20 2 1 19 8 26 6 9 . 1 Fast Attach 152 | . . 1 5 . . 6 2 5 2 20 2 . 3 13 . 6 3 5 . 1 7 2 3 13 11 18 6 12 2 4 Attach 152 | . . . 2 . . . 1 1 . 19 . . 2 16 . 4 1 5 . 1 9 3 1 8 9 15 8 15 12 20 Detach 184 | . . . 2 . . . . 2 . 16 2 . 5 12 . 16 1 8 . 2 16 4 3 12 9 23 10 11 12 18 Swap 285 | . . 1 5 . . 1 1 8 . 28 1 3 4 10 . 6 6 3 3 10 37 42 2 46 27 11 18 12 . . Drop 220 | . . 1 9 1 6 5 1 11 3 23 2 . 6 26 . 11 4 4 1 2 11 2 . 26 12 24 10 10 1 8 Fire 849 | . 12 . 77 1 . 20 19 69 10 72 . 3 . 58 6 85 35 8 25 16 44 58 18 107 41 5 12 27 5 16 Melee 182 | . . . . . . . . . . 3 . . 1 1 . . . 7 . . . . . . 41 62 15 23 15 14 Ram . | . . . . . . . . . . . . . . . . . . . . . . . . . . . . . . . Kick 13 | . . . . . . 4 2 . 5 2 . . . . . . . . . . . . . . . . . . . . Crush 11 | . . . 4 6 . 1 . . . . . . . . . . . . . . . . . . . . . . . . Escape Stasis 54 | . . . . . . . . 5 . . . . . . . . 24 . . . . 24 . . . . . . 1 . Rewire 70 | . . . . . . . . . 14 . . . . . . . 33 . . . . 23 . . . . . . . . Trap . | . . . . . . . . . . . . . . . . . . . . . . . . . . . . . . . Miscellaneous . | . . . . . . . . . . . . . . . . . . . . . . . . . . . . . . . Route ------- -11/Scrapyard -10/Materials (discovered 2 exits: [*Mat] / *Min) -10/Mines -9/Materials (discovered 2 exits: [*Mat] / *Min) -9/Mines (discovered 2 exits: [*Mat] / *Exi) -9/Exiles -8/Mines -8/Materials -8/Storage -8/Recycling -6/Factory (discovered 6 exits: Fac x4 / *Low x2) -6/Lower Caves -6/Lower Caves -6/Zion (discovered 2 exits: *Dee / [*Pro]) -6/Deep Caves -5/Proximity Caves -5/Factory (discovered 3 exits: *Fac / [Upp] / *Ext) -5/Extension (discovered 2 exits: *Fac / *Cet) -5/Cetus (discovered 2 exits: *Fac / *Arc) -5/Archives -5/Hub_04(d) -4/Factory (discovered 4 exits: *Res / Upp x2 / *Arm) -4/Armory (discovered 2 exits: Res / *Lab) -4/Lab -3/Research (discovered 4 exits: *Res x2 / *Qua x2) -3/Quarantine -2/Research (discovered 3 exits: Acc / *Tes x2) -2/Testing (discovered 2 exits: *Acc / *Sec) -2/Section 7 -1/Access -1/Command History --------- Turn | Location | Event 1 | -11/Scrapyard | Discovered new exit (range 0) 1 | -11/Scrapyard | Entered Materials 143 | -10/Materials | Discovered new exit (range 12) 143 | -10/Materials | Discovered new exit (range 14) 188 | -10/Materials | Entered Mines 198 | -10/Mines | Found the Drone Emporium 203 | -10/Mines | Found Prototype Device 203 | -10/Mines | Identified Splice Drone Bay 279 | -10/Mines | Discovered new exit (range 6) 291 | -10/Mines | Learned location of Zion (-6) 300 | -10/Mines | Build established: Mutant 334 | -10/Mines | Entered Materials 334 | -9/Materials | Evolved 2 slots: Utility x2 1052 | -9/Materials | Discovered new exit (range 11) 1162 | -9/Materials | Discovered new exit (range 15) 1210 | -9/Materials | Build established: Scavenger-Mutant 1218 | -9/Materials | Entered Mines 1227 | -9/Mines | Met a Derelict bent on vengeance 1230 | -9/Mines | Assisted by bots powering up and referring to "LRC-V3" 1645 | -9/Mines | Discovered new exit (range 9) 2290 | -9/Mines | Deemed a non-threat by the Exiles lab entrance 2292 | -9/Mines | Discovered new exit (range 5) 2315 | -9/Mines | Entered Exiles 2315 | -9/Exiles | Accompanied by 2 allies 2378 | -9/Exiles | Met 8R-AWN 2419 | -9/Exiles | Met EX-HEX 2541 | -9/Exiles | Met EX-DEC 2630 | -9/Exiles | Met EX-BIN 2692 | -9/Exiles | Aligned with FarCom system 2695 | -9/Exiles | Given EX-Vault access code 2767 | -9/Exiles | Opened EX-Vault 2787 | -9/Exiles | Found Potential Leg 2791 | -9/Exiles | Found Potential Leg 2808 | -9/Exiles | Found AWS/Thermal 2830 | -9/Exiles | Found Latent Energy Streamer 2886 | -9/Exiles | Warned to stay clear of 0b10 Research branches 3401 | -9/Exiles | Discovered new exit (range 14) 3435 | -9/Exiles | Stole three prototypes: Potential Leg, AWS/Thermal, Latent Energy Streamer 3435 | -9/Exiles | Entered Mines 3435 | -8/Mines | Accompanied by 2 allies 3770 | -8/Mines | System corruption reached 10% 4012 | -8/Mines | Discovered new exit (range 11) 4106 | -8/Mines | Entered Materials 4106 | -8/Materials | Evolved 2 slots: Utility x2 4107 | -8/Materials | Identified exit to Storage 4445 | -8/Materials | Entered Storage 5014 | -8/Storage | Lost 3 parts (1n2u) 5163 | -8/Storage | Met a pair of Derelict thieves 5204 | -8/Storage | Garrison activated, responded to threat 5244 | -8/Storage | Destroyed 7 combat bots 5390 | -8/Storage | Used back door to open Recycling access 5390 | -8/Storage | Discovered new exit (range 5) 5396 | -8/Storage | Identified exit to Recycling 5398 | -8/Storage | Entered Recycling 5454 | -8/Recycling | Spotter reported a threat 5459 | -8/Recycling | Spotter reported a threat 5512 | -8/Recycling | Spotter reported a threat 5524 | -8/Recycling | Spotter reported a threat 5565 | -8/Recycling | Spotter reported a threat 5571 | -8/Recycling | Spotter reported a threat 5580 | -8/Recycling | Spotter reported a threat 5604 | -8/Recycling | Spotter reported a threat 5624 | -8/Recycling | Spotter reported a threat 5633 | -8/Recycling | Spotter reported a threat 5681 | -8/Recycling | Spotter reported a threat 5683 | -8/Recycling | Spotter reported a threat 5692 | -8/Recycling | Spotter reported a threat 5711 | -8/Recycling | Spotter reported a threat 5718 | -8/Recycling | Spotter reported a threat 5736 | -8/Recycling | Spotter reported a threat 5744 | -8/Recycling | Spotter reported a threat 5759 | -8/Recycling | Spotter reported a threat 5764 | -8/Recycling | Spotter reported a threat 5775 | -8/Recycling | Spotter reported a threat 5789 | -8/Recycling | Spotter reported a threat 5797 | -8/Recycling | Spotter reported a threat 5828 | -8/Recycling | Spotter reported a threat 5865 | -8/Recycling | Spotter reported a threat 5871 | -8/Recycling | Spotter reported a threat 5875 | -8/Recycling | Spotter reported a threat 5876 | -8/Recycling | Spotter reported a threat 5918 | -8/Recycling | Spotter reported a threat 5949 | -8/Recycling | Spotter reported a threat 5955 | -8/Recycling | Spotter reported a threat 5971 | -8/Recycling | Spotter reported a threat 5986 | -8/Recycling | Spotter reported a threat 5987 | -8/Recycling | Spotter reported a threat 6001 | -8/Recycling | Spotter reported a threat 6024 | -8/Recycling | Spotter reported a threat 6039 | -8/Recycling | Spotter reported a threat 6072 | -8/Recycling | Spotter reported a threat 6077 | -8/Recycling | Spotter reported a threat 6083 | -8/Recycling | Spotter reported a threat 6092 | -8/Recycling | Spotter reported a threat 6127 | -8/Recycling | Build established: Mutant 6130 | -8/Recycling | Spotter reported a threat 6136 | -8/Recycling | Spotter reported a threat 6144 | -8/Recycling | Spotter reported a threat 6183 | -8/Recycling | Spotter reported a threat 6197 | -8/Recycling | Spotter reported a threat 6198 | -8/Recycling | Spotter reported a threat 6236 | -8/Recycling | Spotter reported a threat 6245 | -8/Recycling | Spotter reported a threat 6250 | -8/Recycling | Spotter reported a threat 6251 | -8/Recycling | Spotter reported a threat 6261 | -8/Recycling | Discovered new exit (range 16) 6274 | -8/Recycling | Spotter reported a threat 6289 | -8/Recycling | Identified exit to Factory 6291 | -8/Recycling | Entered Factory 6291 | -6/Factory | Evolved 4 slots: Utility x4 6293 | -6/Factory | FarCom data flow suspended 6633 | -6/Factory | Build established: Hacker-Mutant 6641 | -6/Factory | Search patrols dispatched 6704 | -6/Factory | Identified exit to Factory 6819 | -6/Factory | Fabricated L-41 Fighter? 6941 | -6/Factory | Found Prototype Processor 6941 | -6/Factory | Identified Exp. Targeting Computer 6971 | -6/Factory | Build established: Scavenger-Mutant 6991 | -6/Factory | Search patrols dispatched 7114 | -6/Factory | Garrison activated, responded to threat 7341 | -6/Factory | First assault squad dispatched 7378 | -6/Factory | Identified exit to Lower Caves 7416 | -6/Factory | System corruption reached 10% 7436 | -6/Factory | Destroyed 7 combat bots 7469 | -6/Factory | Build established: Hacker-Mutant 7694 | -6/Factory | Destroyed 7 combat bots 7729 | -6/Factory | System corruption reached 30% 7739 | -6/Factory | Entered Lower Caves 7981 | -6/Lower Caves | Discovered new exit (range 5) 7986 | -6/Lower Caves | Identified exit to Lower Caves 7987 | -6/Lower Caves | Entered another Lower Caves area 8206 | -6/Lower Caves | Discovered new exit (range 13) 8218 | -6/Lower Caves | Identified exit to Zion 8219 | -6/Lower Caves | Entered Zion 8268 | -6/Zion | System corruption cleaned by Quarantine Array 8352 | -6/Zion | Found Prototype Device 8403 | -6/Zion | Discovered new exit (range 7) 8449 | -6/Zion | Given A8's code to call for help 8550 | -6/Zion | Learned Factory stockpile data 8577 | -6/Zion | Learned location of Quarantine (-3) 8602 | -6/Zion | Given the Hacking Drone Bay 8603 | -6/Zion | Found Prototype Device 8762 | -6/Zion | Identified exit to Deep Caves 8911 | -6/Zion | Acquired unknown access codes intercepted by a Zionite 9278 | -6/Zion | Enhanced Grunt warped into view, answering call for help 9282 | -6/Zion | Opened final containment barrier to the Deep Caves 9291 | -6/Zion | Enhanced Grunt warped into view, answering call for help 9301 | -6/Zion | Saw the warning signs outside the Deep Caves entrance 9309 | -6/Zion | Identified Mobile Refinery Mk. CCLXVII 9311 | -6/Zion | Identified Hacking Drone Bay 9314 | -6/Zion | Entered Deep Caves 9314 | -6/Deep Caves | Accompanied by 2 allies 9316 | -6/Deep Caves | Met 5H-AD0 9439 | -6/Deep Caves | Z-Facility disabled 9460 | -6/Deep Caves | Attacked by Z-Imprinter 9470 | -6/Deep Caves | Allies destroyed Z-Imprinter 9505 | -6/Deep Caves | Found Prototype Device 9505 | -6/Deep Caves | Identified Zio. Metafield Generator 9525 | -6/Deep Caves | Found Prototype Protection 9525 | -6/Deep Caves | Identified Zio. Weapon Casing 9644 | -6/Deep Caves | Found Zio. Weapon Casing 9695 | -6/Deep Caves | Found Prototype Protection 9695 | -6/Deep Caves | Identified Zio. Heavy Carapace 9720 | -6/Deep Caves | Found Zio. Weapon Casing 9767 | -6/Deep Caves | Found Zio. Weapon Casing 9772 | -6/Deep Caves | Found Zio. Weapon Casing 9845 | -6/Deep Caves | Found Zio. Weapon Casing 10056 | -6/Deep Caves | Build established: Scavenger-Mutant 10360 | -6/Deep Caves | Discovered new exit (range 7) 10435 | -6/Deep Caves | Exposed GOLEM chamber 10436 | -6/Deep Caves | Destroyed as-07325 10457 | -6/Deep Caves | Triggered Deep Caves wall 10472 | -6/Deep Caves | Found GOLEM Unit 10479 | -6/Deep Caves | Found GOLEM Unit 10482 | -6/Deep Caves | Destroyed 35 combat bots 10505 | -6/Deep Caves | Spotted AS-83956 10513 | -6/Deep Caves | Spotted AS-12989 10538 | -6/Deep Caves | Destroyed 16 combat bots 10539 | -6/Deep Caves | Core integrity fell below 50% 10555 | -6/Deep Caves | Destroyed AS-83956 10584 | -6/Deep Caves | Destroyed AS-12989 10609 | -6/Deep Caves | Destroyed 8 combat bots 10632 | -6/Deep Caves | Found Surveybot 24 Scanner 10635 | -6/Deep Caves | Found Surveybot 24 Chip 10812 | -6/Deep Caves | Identified exit to Proximity Caves 10813 | -6/Deep Caves | Entered Proximity Caves 10818 | -5/Proximity Caves | Learned 4 Factory zone layouts 10935 | -5/Proximity Caves | Learned Factory stockpile data 10938 | -5/Proximity Caves | Discovered exit to Factory (range 3) 10939 | -5/Proximity Caves | Entered Factory 10939 | -5/Factory | Evolved 2 slots: Power x1, Utility x1 11281 | -5/Factory | Build established: Hacker-Golem 12076 | -5/Factory | Garrison activated, responded to threat 12081 | -5/Factory | Fabricated Centrium Wheel? 12093 | -5/Factory | Build established: Mutant 12109 | -5/Factory | System corruption reached 10% 12162 | -5/Factory | Destroyed 9 combat bots 12504 | -5/Factory | Discovered new exit (range 11) 12513 | -5/Factory | Identified exit to Factory 12722 | -5/Factory | Discovered new exit (range 18) 12826 | -5/Factory | Destroyed 13 combat bots 12830 | -5/Factory | Discovered new exit (range 12) 12843 | -5/Factory | Identified exit to Extension 12844 | -5/Factory | Entered Extension 12923 | -5/Extension | Rescued a captive Derelict 12993 | -5/Extension | Rescued A7 13101 | -5/Extension | Rescued a captive Derelict 13107 | -5/Extension | Rescued a captive Derelict 13144 | -5/Extension | First assault squad dispatched 13149 | -5/Extension | Build established: Golem 13226 | -5/Extension | Rescued a captive Derelict 13259 | -5/Extension | Energy Cycler disabled 13259 | -5/Extension | Rescued a captive Derelict 13259 | -5/Extension | Rescued a captive Derelict 13260 | -5/Extension | Rescued a captive Derelict 13262 | -5/Extension | Rescued a captive Derelict 13262 | -5/Extension | Rescued a captive Derelict 13262 | -5/Extension | Rescued a captive Derelict 13269 | -5/Extension | Rescued a captive Derelict 13419 | -5/Extension | Discovered exit to Factory (range 10) 13420 | -5/Extension | Discovered new exit (range 6) 13425 | -5/Extension | Identified exit to Cetus 13462 | -5/Extension | Entered Cetus 13462 | -5/Cetus | Accompanied by 11 allies (A7) 13467 | -5/Cetus | Acquired a Cetus Manufacturing Module code from A7 13479 | -5/Cetus | Spotted Cetus Guard 13479 | -5/Cetus | Spotted Cetus Guard 13480 | -5/Cetus | Destroyed Cetus Guard 13481 | -5/Cetus | Spotted Cetus Guard 13484 | -5/Cetus | Spotted Cetus Guard 13499 | -5/Cetus | Allies destroyed Cetus Guard 13499 | -5/Cetus | Allies destroyed Cetus Guard 13543 | -5/Cetus | Cetus Manufacturing Module disabled 13578 | -5/Cetus | Discovered new exit (range 15) 13601 | -5/Cetus | Spotted Cetus Guard 13601 | -5/Cetus | Spotted Cetus Guard 13603 | -5/Cetus | System corruption reached 30% 13605 | -5/Cetus | Allies destroyed Cetus Guard 13605 | -5/Cetus | Spotted Cetus Guard 13609 | -5/Cetus | Allies destroyed Cetus Guard 13609 | -5/Cetus | Spotted Cetus Guard 13615 | -5/Cetus | Destroyed Cetus Guard 13616 | -5/Cetus | Destroyed Cetus Guard 13621 | -5/Cetus | Discovered exit to Factory (range 15) 13628 | -5/Cetus | Met Revision 17 13687 | -5/Cetus | Destroyed A7 13693 | -5/Cetus | Found Prototype Protection 13693 | -5/Cetus | Identified Med. Regenerative Plating 13697 | -5/Cetus | Extracted ID and sensor layout for unrecognized location from A7's data core 13722 | -5/Cetus | Identified exit to Archives 13779 | -5/Cetus | Entered Archives 13779 | -5/Archives | Accompanied by 3 allies 13910 | -5/Archives | Discovered new exit (range 15) 13932 | -5/Archives | Identified exit to Hub_04(d) 13959 | -5/Archives | Entered Hub_04(d) 14025 | -5/Hub_04(d) | Discovered exit to Factory (range 14) 14096 | -5/Hub_04(d) | Build established: Mutant 14173 | -5/Hub_04(d) | Network Hub disabled 14195 | -5/Hub_04(d) | Entered Factory 14195 | -4/Factory | Evolved 2 slots: Utility x2 14441 | -4/Factory | Build established: Golem 15107 | -4/Factory | Spotted B-86 Titan 15178 | -4/Factory | Repaired Centrium Wheel 15211 | -4/Factory | Repaired Centrium Wheel 15323 | -4/Factory | Identified exit to Upper Caves 15323 | -4/Factory | Identified exit to Armory 15483 | -4/Factory | Repaired Cld. Plasma Cannon? 15484 | -4/Factory | Build established: Hacker-Mutant 15521 | -4/Factory | Discovered new exit (range 4) 15523 | -4/Factory | Identified exit to Research 15670 | -4/Factory | Found Launcher Loader 15744 | -4/Factory | Central database locked down 15784 | -4/Factory | Build established: Hacker-Golem 15904 | -4/Factory | Fabricated Exp. Utility Shielding? 16073 | -4/Factory | System corruption reached 10% 16311 | -4/Factory | Entered Armory 16831 | -4/Armory | Fabricated Exp. Propulsion Shielding? 16934 | -4/Armory | Build established: Hacker-Mutant 16969 | -4/Armory | Fabricated Exp. Weapon Shielding (x1) 17012 | -4/Armory | System corruption reached 30% 17051 | -4/Armory | Destroyed 9 combat bots 17146 | -4/Armory | Discovered exit to Research (range 18) 17311 | -4/Armory | First assault squad dispatched 17394 | -4/Armory | Destroyed 10 combat bots 17465 | -4/Armory | Discovered new exit (range 17) 17527 | -4/Armory | Identified exit to Lab 17532 | -4/Armory | Entered Lab 17532 | -4/Lab | Accompanied by 4 allies 17538 | -4/Lab | Discovered exit to Research (range 11) 17557 | -4/Lab | Hidden lab's door opened automatically 17557 | -4/Lab | Sensor layout match revealed 17558 | -4/Lab | Gained access to the hidden lab's interior 17689 | -4/Lab | Found Alien Artifact 17689 | -4/Lab | Identified Core Reset Matrix 17689 | -4/Lab | Used Core Reset Matrix 17693 | -4/Lab | Sensed 3 artifacts in vicinity 17718 | -4/Lab | Found Transdimensional Reconstructor 17727 | -4/Lab | Found Integrated Dissipator 17727 | -4/Lab | Installed Integrated Dissipator, increased core heat dissipation (+20) 17736 | -4/Lab | Found Core Expander 17736 | -4/Lab | Installed Core Expander, added new Weapon slot 17777 | -4/Lab | Discovered exit to Research (range 6) 18165 | -4/Lab | Entered Research 18165 | -3/Research | Accompanied by 4 allies 18165 | -3/Research | Evolved 2 slots: Utility x2 18270 | -3/Research | Build established: Hacker-Golem 18311 | -3/Research | Found Prototype Processor 18311 | -3/Research | Identified Exp. Signal Interpreter 18753 | -3/Research | Found Prototype Processor 18753 | -3/Research | Identified Exp. Terrain Scan Processor 18890 | -3/Research | P-80 Master assimilated allied Rainmaker 7c 19105 | -3/Research | Build established: Hacker-Tank 19113 | -3/Research | Repaired Centrium Wheel 19236 | -3/Research | Discovered new exit (range 15) 19252 | -3/Research | System corruption reached 10% 19321 | -3/Research | Discovered new exit (range 19) 19415 | -3/Research | First assault squad dispatched 19424 | -3/Research | Identified exit to Research 19434 | -3/Research | Found Unknown Launcher 19435 | -3/Research | Identified Gamma Bomb Array 19440 | -3/Research | Found Gamma Bomb Array 19520 | -3/Research | Identified exit to Quarantine 19891 | -3/Research | Found Prototype Processor 20484 | -3/Research | Destroyed 10 combat bots 20567 | -3/Research | Destroyed 7 combat bots 20592 | -3/Research | Entered Quarantine 20593 | -3/Quarantine | Detected hypermatrix surge 20593 | -3/Quarantine | Sensed 14 artifacts in vicinity 20800 | -3/Quarantine | Destroyed 9 combat bots 20804 | -3/Quarantine | Found Dimensional Node Initializer 20888 | -3/Quarantine | Found Matter Drive 20921 | -3/Quarantine | Found Sigix Broadsword 21062 | -3/Quarantine | Repaired Adv. Sensor Array 21145 | -3/Quarantine | Spotted Alpha 7 21198 | -3/Quarantine | Destroyed Alpha 7 21209 | -3/Quarantine | Found Prototype Processor 21209 | -3/Quarantine | Identified Exp. Target Analyzer 21219 | -3/Quarantine | Found Unknown Device 21219 | -3/Quarantine | Identified Antimissile System 21240 | -3/Quarantine | Found Sigix Terminator 21267 | -3/Quarantine | System corruption reached 30% 21450 | -3/Quarantine | Identified Spectral Analyzer 21479 | -3/Quarantine | Discovered exit to Research (range 20) 21639 | -3/Quarantine | Cryocooling Duct disabled 21654 | -3/Quarantine | Ambient heat levels rising (+20) 21654 | -3/Quarantine | Non-combat units ordered to evacuate 21705 | -3/Quarantine | Build established: Alien-Assassin 21729 | -3/Quarantine | Initialized slip node 21827 | -3/Quarantine | Found Subatomic Replicator 22075 | -3/Quarantine | Found Transdimensional Reconstructor 22081 | -3/Quarantine | Found Dimensional Node Initializer 22204 | -3/Quarantine | Build established: Hacker-Assassin 22219 | -3/Quarantine | Met incapacitated Sigix Warrior 22219 | -3/Quarantine | Lockdown squad dispatched 22223 | -3/Quarantine | Acquired the access code to the Sigix quarantine chamber 22226 | -3/Quarantine | Unlocked Sigix quarantine chamber 22299 | -3/Quarantine | Warped through subspace to slip node 22460 | -3/Quarantine | Entered Research 22460 | -2/Research | Evolved 2 slots: Utility x2 22609 | -2/Research | Identified exit to Testing 22632 | -2/Research | Fabricated Lgt. Quantum Reactor (x2) 22774 | -2/Research | Fabricated Adv. Transmission Jammer? 22937 | -2/Research | Discovered new exit (range 14) 22969 | -2/Research | Repaired Adv. Terrain Scanner 23308 | -2/Research | Spotted B-90 Cyclops 23451 | -2/Research | System corruption reached 10% 23473 | -2/Research | Repaired Exp. Utility Shielding? 23566 | -2/Research | Repaired Exp. Propulsion Shielding 24880 | -2/Research | Entered Testing 24898 | -2/Testing | Found Prototype Protection 24929 | -2/Testing | Spotted A1-S1W(K) 24929 | -2/Testing | Spotted 7U-J60(K) 25006 | -2/Testing | Found Prototype Device 25006 | -2/Testing | Identified AEGIS Remote Shield 25072 | -2/Testing | Found Prototype Device 25087 | -2/Testing | Build established: Alien-Assassin 25237 | -2/Testing | Discovered new exit (range 15) 25250 | -2/Testing | Found Prototype Energy Cannon 25250 | -2/Testing | Identified Imp. Potential Cannon 25296 | -2/Testing | Found Prototype Launcher 25296 | -2/Testing | Identified Z-bomb Delivery System 25432 | -2/Testing | Spotted PG-QUZ0LCZQ71 25446 | -2/Testing | Destroyed PG-QUZ0LCZQ71 25446 | -2/Testing | System corruption reached 30% 25497 | -2/Testing | Identified Exp. Cloaking Device 25598 | -2/Testing | Build established: Alien-Mutant 25689 | -2/Testing | Spotted Fortress 25713 | -2/Testing | Discovered new exit (range 6) 25715 | -2/Testing | Identified exit to Section 7 25715 | -2/Testing | Entered Section 7 25716 | -2/Section 7 | Sensed 21 artifacts in vicinity 25732 | -2/Section 7 | Found Spacefold Activator 25905 | -2/Section 7 | Found Integrated Reactor 25905 | -2/Section 7 | Installed Integrated Reactor, increased core energy generation (+10) 25944 | -2/Section 7 | Initialized slip node 26041 | -2/Section 7 | Build established: Alien-Assassin 26131 | -2/Section 7 | Found Microwarp Drive 26148 | -2/Section 7 | Spotted S7 Guard 26153 | -2/Section 7 | Found Integrated Thermoelectric Network 26181 | -2/Section 7 | Installed Integrated Thermoelectric Network, gained heat-energy exchange potential 26188 | -2/Section 7 | Spotted S7 Guard 26194 | -2/Section 7 | Found Core Regenerator 26223 | -2/Section 7 | Spotted Executioner 26223 | -2/Section 7 | Spotted Executioner 26224 | -2/Section 7 | Core integrity fell below 50% 26234 | -2/Section 7 | Found Transdimensional Reconstructor 26285 | -2/Section 7 | Destroyed Executioner 26379 | -2/Section 7 | Found LRC Insulator 26379 | -2/Section 7 | Installed LRC Insulator, gained EM resistance (25) 26382 | -2/Section 7 | Found LRC Matter Compressor 26382 | -2/Section 7 | Installed LRC Matter Compressor, increased matter storage capacity (+125) 26582 | -2/Section 7 | Activated Sigix Exoskeleton 26582 | -2/Section 7 | Received instructions from Sigix Warrior 26633 | -2/Section 7 | Spotted Executioner 26633 | -2/Section 7 | Spotted Executioner 26634 | -2/Section 7 | Allies destroyed Executioner 26640 | -2/Section 7 | Allies destroyed Executioner 26652 | -2/Section 7 | Found Prototype Processor 26652 | -2/Section 7 | Identified Exp. Targeting Computer 26664 | -2/Section 7 | Found Prototype Processor 26664 | -2/Section 7 | Identified Exp. Core Analyzer 26693 | -2/Section 7 | Warped through subspace to slip node 26716 | -2/Section 7 | Spotted Striker 26716 | -2/Section 7 | Spotted Executioner 26727 | -2/Section 7 | Discovered new exit (range 10) 26731 | -2/Section 7 | Identified exit to Access 26731 | -2/Section 7 | Spotted Executioner 26731 | -2/Section 7 | Spotted Striker 26732 | -2/Section 7 | Core integrity fell below 20% 26732 | -2/Section 7 | Spotted Investigator 26732 | -2/Section 7 | Entered Access 26732 | -1/Access | Accompanied by 1 ally (Sigix Warrior) 26732 | -1/Access | Evolved 2 slots: Propulsion x1, Utility x1 26734 | -1/Access | Used Subatomic Replicator to replicate Potential Leg 26832 | -1/Access | Sigix Exoskeleton integrity reduced to 80% 26863 | -1/Access | Garrison activated, responded to threat 26887 | -1/Access | Crushed by falling debris 26905 | -1/Access | System corruption reached 10% 26925 | -1/Access | Destroyed 7 combat bots 26936 | -1/Access | Discovered new exit (range 3) 26937 | -1/Access | Identified exit to Command 26938 | -1/Access | Entered Command 26938 | -1/Command | Accompanied by 1 ally (Sigix Warrior) 27007 | -1/Command | High security lockdown imminent 27026 | -1/Command | Spotted Combat Programmer 27026 | -1/Command | Spotted Combat Programmer 27026 | -1/Command | Spotted M Guard 27027 | -1/Command | Spotted M Guard 27043 | -1/Command | Sigix Exoskeleton integrity reduced to 60% 27060 | -1/Command | Allies destroyed M Guard 27068 | -1/Command | Allies destroyed Combat Programmer 27087 | -1/Command | High security lockdown engaged 27090 | -1/Command | Allies destroyed M Guard 27134 | -1/Command | All MAIN.C guards destroyed 27135 | -1/Command | Spotted Executioner 27140 | -1/Command | Destroyed Executioner 27144 | -1/Command | Sigix Exoskeleton integrity reduced to 40% 27171 | -1/Command | Destroyed 10 combat bots 27171 | -1/Command | Met MAIN.C 27171 | -1/Command | Received instructions from Sigix Warrior 27171 | -1/Command | 0b10 Conduit disabled 27184 | -1/Command | MAIN.C's shell transforms into a squad of autonomous robots 27184 | -1/Command | Destroyed MAIN.C Shell 27184 | -1/Command | Spotted M Shell/Def 27184 | -1/Command | Spotted M Shell/Atk 27184 | -1/Command | Spotted M Shell/Def 27184 | -1/Command | Spotted M Shell/Atk 27184 | -1/Command | Spotted M Shell/Def 27184 | -1/Command | Spotted M Shell/Atk 27184 | -1/Command | Spotted M Shell/Def 27184 | -1/Command | Spotted M Shell/Atk 27184 | -1/Command | Allies destroyed M Shell/Def 27187 | -1/Command | MAIN.C activated Command garrisons 27188 | -1/Command | Fired Sigix Terminator 27188 | -1/Command | Destroyed M Shell/Def 27188 | -1/Command | Destroyed M Shell/Def 27188 | -1/Command | Destroyed M Shell/Atk 27188 | -1/Command | Destroyed M Shell/Def 27205 | -1/Command | Used Core Regenerator, restored core integrity (+400) 27212 | -1/Command | Spotted B-99 Colossus 27218 | -1/Command | Sigix Exoskeleton integrity reduced to 20% 27226 | -1/Command | Build established: Alien-Mutant 27233 | -1/Command | Core integrity fell below 50% 27254 | -1/Command | Emitted hypermatrix ping 27259 | -1/Command | Assembled emerged from beneath the floor 27259 | -1/Command | Self-destructed Last Messages --------------- 27246_ Sigix Warrior knocked back. 27247_ Acquired Unknown Flight Unit. 27247_ Identified Xenon Bombardment Thruster. 27249_ Quantum Shear penetrates MAIN.C. 27249_ Sigix Warrior knocked back. 27251_ Acquired 58 matter. 27251_ Spacefolded through Sigix Warrior. 27251_ Sigix Broadsword destroyed. 27251_ Synergy achieved. Target locked: MAIN.C. 27251_ Quantum Shear penetrates MAIN.C. 27252_ Spacefolded through P-80 Master. 27253_ Spacefolded through G-73 Enforcer. 27253_ Xenon Bombardment Thruster destroyed. 27254_ Emitted hypermatrix ping. 27256_ Microwarped (distance 3). 27257_ Spacefolded through Wall. 27258_ Microwarped (distance 8). as-95466 melds with Sigix Exoskeleton. as-52260 melds with Sigix Exoskeleton. as-04374 melds with Sigix Exoskeleton. Map ----- +----------------------------------------------------+ | ?????????????????????????????????????????????????? | | ?????????????????????????????????????????????????? | | ?????????????????????????????????????????????????? | | ?????????????????????????????????????????????????? | | ?????????????????????????????????????????????????? | | ????????????????????????????????????????? ????? | | ??????????????????????????????????????? ????? | | ??????????????????????????????????????# #???? | | ??????????????????????????????????????# #???? | | ??????????????????????????????????????# #???? | | ??????????????????????????????????????# #???? | | ??????????????????????????????????????# #??+# | | ??????????????????????????????????????# #?? # | | ??????????????????????????????????????+ #?? # | | ??????????????????????????????????????# #?? # | | ??????????????????????????????????????# #?? # | | ??????????????????????????????????????? #?? # | | ??????????????????????????????????????? ### # | | ???????????????????????????????????####/?# | | ?????????????????????????????????# ?# | | ?????????????????????????????????# ?# | | ?????????????????????????????????# ?# #### | | ?????????????????????????????????# ?# #?## | | ?????????????????????????????????# ?# #?# | | ????????????????????????########## ## #?# | | ????????????????????????#@ # ## #?# | | ????????????????????????# # ## #?# | | ????????????????????????# # ## #?# | | ????????????????????????# """" # ## #?##### | | ????????????????????????# """" # ]## #?????? | | ????????????????????????# """" !# # ##????? | | ????????????????????????# """" # # "#????? | | ????????????????????????# # / "###### | | ???????##?????######????# ######## | | ???????# #????# / ############"## ### ^ ### | | ????????# #???# "T #?? | | ?????????# #??# "" #?? | | ??????????# #?# ############### ### % #?? | | ???????????# ### ##?????????????######?# #?? | | ????????????# ## #?????????????????????# #?? | | ?????????????# # =#?????????????????????# #?? | | ??????????????#"*[#??????????????######## #?? | | ??????????????## =########???????#"""" ## #?? | | ???????????????#*%#" """"#??????##""R""## #?? | | ???????????????#==/% "#????###%" ""## #?? | | ???????????????# =/* """#??### ### | | ???????????????#% / """#??# =% ""# | | ???????????????# #""""""#??# ""# | | ???????????????################ """" ""# | | ?????????????? # """" "" T# | +----------------------------------------------------+ Best States ------------- Heat Dissipation 129 Energy Generation 45 Energy Capacity 2700 Matter Stores 550 Matter Capacity 550 Sight Range 24 Robot Scan Range 16 Terrain Scan Range 20 Terrain Scan Density 2010 ECM Strength 2 Jamming Range 16 Cloak Strength 4 Additional Mass Support 20 EM Shielding 2 Armor Coverage 1200 Resistance: KI 15 Resistance: TH 15 Resistance: EX 15 Resistance: EM 40 Resistance: I 15 Resistance: S 15 Resistance: P 15 Propulsion Shielding 90 Utility Shielding 90 Weapon Shielding 100 Point Defense Rating 240 Weapon Cycling 20 Phase Shifting 8 Evasion (%) 75 Targeting Accuracy 20 Target Analysis 10 Core Analysis 8 Recoil Reduction 2 Offensive Hacking 42 Defensive Hacking 22 Authchip Count 4 Item Schematics ----------------- Exp. Utility Shielding | -3/Research | Scanalyzed Exp. Weapon Shielding | -3/Research | Scanalyzed Adv. Transmission Jammer | -3/Research | Hacked Spectral Analyzer | -3/Quarantine | Scanalyzed Exp. Propulsion Shielding | -3/Quarantine | Scanalyzed Hvy. Hardcell Cannon | -2/Testing | Archive Robot Schematics ------------------ A-02 Transporter | -2/Testing | Archive Fabricated ------------ L-41 Fighter | x3 | -6/Factory | Preloaded, Authchip Centrium Wheel | x2 | -5/Factory Exp. Utility Shielding | x1 | -4/Factory Exp. Propulsion Shielding | x1 | -4/Armory Exp. Weapon Shielding | x1 | -4/Armory Lgt. Quantum Reactor | x2 | -2/Research | Preloaded Adv. Transmission Jammer | x1 | -2/Research Alien Tech Used ----------------- Core Reset Matrix Integrated Dissipator Core Expander Sigix Broadsword Dimensional Node Initializer Matter Drive Transdimensional Reconstructor Spacefold Activator Integrated Reactor Microwarp Drive Integrated Thermoelectric Network LRC Insulator LRC Matter Compressor Subatomic Replicator Sigix Terminator Core Regenerator Achievements -------------- None Challenges ------------ None Game ------ Seed FieldSwordTreads Manual? 0 Play Time 06:04:18 Cumulative 1032.8 hours Start 2022.04.02 @ 16:18:14 End 2022.04.03 @ 18:41:20 Sessions 27 Manual Loads 0 Difficulty Rogue Special Mode None Game No. 310 Rogue 310 Adventurer 0 Explorer 0 Win Type - Total 71 Types 44/4/8/6/4/1/2/1/1 Lore% 93 Gallery% 95 Achievement% 98 Wizard Run 0 Options --------- ASCII 0 Keyboard 1 Movement Arrows Keybinds 0 Fullscreen 1 Font 24/Smallcaps Map View 76x56 Tactical HUD 1 Map Filters NONE Filters NONE Steam 1 RUN: d4dc55c1-c67d-4a39-a577-d9df0529fa75